Workbook

Sheet Riclassificazioni
A1: Legenda | C1: Celle Marroni. Celle dedicate ai commenti, da lasciare in bianco in questo foglio. Per inserire i commenti, che dovranno altresì essere inseriti nel modulo online, utilizzare la funzione inserisci nota nella relativa cella. Per un esempio vedi la nota di commento della cella F14 (per renderla visibile passa il cursore sulla cella in questione)
C2: Celle gialle. Contengono formule, da non modificare
C3: Celle bianche. Devono essere compilate
B4: +/- | C4: Le celle con +/- indicano che il segno dell'importo può essere positivo o negativo. In tutti gli altri casi non inserire il segno
A5: ATTENZIONE!!! COMPILARE IL PRESENTE MODULO TENENDO CONTO DELLE ISTRUZIONI CONTENUTE NEL MODULO ONLINE
A7: COD. | B7: VARIABILE | C7: VOCI come da Work Project online (MODULO I) di Analisi Finanziaria, in cui sono indicate le regole di compilazione. Compilare il presente foglio Excel consultando il PDF del modulo online | D7: VOCI (in English) | E7: Segno del numero | F7: Anno t | G7: Anno t+1 | H7: Anno t+2 | I7: Anno t+3 | J7: Anno t+4
A8: 100 | B8: SERIAL | C8: Matricola | D8: Serial
A9: 110 | B9: SURNAME | C9: Cognome | D9: Surname
A10: 120 | B10: NAME | C10: Nome | D10: Name
A11: 130 | B11: EMAIL | C11: Email | D11: Email
A12: 140 | B12: FIRM | C12: Denominazione dell'Emittente quotato | D12: Name of the listed company
A13: 150 | C13: Il modulo che ci si appresta a compilare:
A14: 160 | C14: Indicare la Matricola, Cognome e Nome dell'eventuale altro partecipante:
A15: 170 | C15: Note di commento
A16: 180 | B16: YEAR | C16: Anno di riferimento del presente Modulo. Esercizio chiuso al 31/12 dell'anno | D16: Year of the Module
A17: 190 | B17: N_SHARES | C17: Numero di azioni in circolazione al 31/12, senza distinzione relativamente alla tipologia (es. azioni ordinarie e di risparmio) | D17: Numbers of shares
A18: 200 | B18: SHARE_PRICE | C18: Prezzo di borsa delle azioni ordinarie al 31/12. Valore da esprimere in unità di euro con due numeri decimali dopo la virgola | D18: Share Market Price
A19: 210 | B19: MKT_CAP | C19: Capitalizzazione di borsa in unità di euro | D19: Market Capitalization | F19: =F18*F17 -> 0 | G19: =G18*G17 -> 0 | H19: =H18*H17 -> 0 | I19: =I18*I17 -> 0 | J19: =J18*J17 -> 0
A20: 220 | B20: DIV_ORD_SH_DEL | C20: Dividendo per azione ordinaria deliberato dagli amministratori sull'utile conseguito nell'anno di analisi (in unità di €) | D20: Dividend per ordinary share
A21: 230 | B21: DIV_ORD_SH_DIS | C21: Dividendo per azione ordinaria distribuito nell'anno di analisi, sull'utile dell'esercizio precendente (in unità di €)
A22: 240 | B22: TOT_DIV | C22: Dividendi complessivi (distribuiti) (in unità di €) | D22: Total dividends | F22: =F21*F17 -> 0 | G22: =G21*G17 -> 0 | H22: =H21*H17 -> 0 | I22: =I21*I17 -> 0 | J22: =J21*J17 -> 0
A23: 250 | B23: MKT_SEG | C23: Segmento di mercato in cui è quotato l'Emittente | D23: Segment
A24: 260 | B24: INDUSTRY | C24: Industry dell'Emittente | D24: Industry
A25: 270 | B25: SECTOR | C25: Sector dell'Emittente | D25: Sector
A26: 280 | B26: DIR&COORD | C26: L'emittente è soggetto ad attività di direzione e coordinamento? | D26: The firm is directed and coordinated
A27: 290 | C27: Indicare, in estrema sintesi, cosa viene indicato relativamente all'attività di direzione e coordinamento
A28: 300 | B28: N_EMPL | C28: Numero di dipendenti | D28: Number of employee
A29: 310 | B29: N_SUBS | C29: Numero di società controllate consolidate con il metodo integrale | D29: Number of subsidiaries
A30: 320 | B30: N_SUBS_ITA | C30: Numero di società ITALIANE controllate e consolidate con il metodo integrale | D30: Number of Italian subsidiaries
A31: 330 | B31: N_SUBS_EUR | C31: Numero di società EUROPEE (escluse le Italiane) controllate e consolidate con il metodo integrale | D31: Number of European subsidiaries
A32: 340 | B32: N_SUBS_EXEUR | C32: Numero di società EXTRA-EUROPEE controllate e consolidate con il metodo integrale | D32: Number of Non European subsidiaries
A33: 350 | C33: Descrivere in sintesi in cosa consiste il business (o i business) del gruppo (analisi di settore)
A34: 360 | B34: PDF_AR | C34: La società quotata presenta un unico PDF in cui è contenuto l'annual report consolidato del gruppo e quello separato della holding? | D34: One PDF for both consolidated and separate financial statements
A35: 370 | B35: PG_PDF_AR | C35: Da quante pagine è composto il PDF? | D35: Number of pages of the PDF
A36: 380 | B36: PG_PDF_CONS | C36: Quante pagine sono dedicate al bilancio consolidato? | D36: Number of pages for the consolidated
A37: 390 | B37: PG_PDF_SEP | C37: Quante pagine sono dedicate al bilancio separato della holding? | D37: Number of pages for the separate
A38: 400 | B38: ASS_HUFL | C38: Investimenti Immobiliari (in migliaia di €) | D38: Assets held under finance leases
A39: 410 | B39: ASS_HUFL_EV | C39: Gli investimenti immobiliari sono valutati:
A40: 420 | B40: PR_PL_EQ | C40: Immobili Impianti e Macchinari (in migliaia di €) | D40: Property, plant and equipment owned
A41: 430 | B41: PR_PL_EQ_EV | C41: Gli Immobili Impianti e Macchinari sono valutati:
A42: 440 | B42: GOODWILL | C42: Avviamento (in migliaia di €) | D42: Goodwill
A43: 450 | B43: OTH_INT_AS | C43: Altre Attività Immateriali (in migliaia di €) | D43: Other intangible assets
A44: 460 | B44: INVESTMENTS | C44: Partecipazioni (in migliaia di €) | D44: Investments
A45: 470 | B45: OTH_N_CURR_FIN | C45: Altre Attività Finanziarie non Correnti (in migliaia di €) | D45: Other non-current financial assets
A46: 480 | B46: OTH_N_CURR_AS | C46: Altre Attività non Correnti (in migliaia di €) | D46: Other non-current assets
A47: 490 | C47: Descrivere il contenuto della voce precedente
A48: 500 | B48: TOT_N_CURR_AS | C48: A. TOTALE ATTIVITA' NON CORRENTI (in migliaia di €) | D48: TOTAL NON CURRENT ASSETS | F48: =F38+F40+F42+F43+F44+F45+F46 -> 0 | G48: =G38+G40+G42+G43+G44+G45+G46 -> 0 | H48: =H38+H40+H42+H43+H44+H45+H46 -> 0 | I48: =I38+I40+I42+I43+I44+I45+I46 -> 0 | J48: =J38+J40+J42+J43+J44+J45+J46 -> 0
A49: 510 | C49: Note di commento per le Attività non Correnti
A50: 520 | B50: INVENTORIES | C50: Rimanenze di magazzino (in migliaia di €) | D50: Inventories
A51: 530 | B51: TRADE_RECEIV | C51: Crediti Commerciali (in migliaia di €) | D51: Trade receivables
A52: 540 | B52: CURR_FIN_AS | C52: Attività Finanziarie Correnti (in migliaia di €) | D52: Current financial assets
A53: 550 | B53: CASH_AND_EQ | C53: Cassa e altre disponibilità liquide (in migliaia di €) | D53: Cash and cash equivalents
A54: 560 | B54: OTH_CURR_AS | C54: Altre Attività Correnti (in migliaia di €) | D54: Other current assets
A55: 570 | C55: Descrivere il contenuto della voce precedente (es. Crediti per imposte per 125)
A56: 580 | B56: TOT_CURR_AS | C56: B. TOTALE ATTIVITA' CORRENTI (in migliaia di €) | D56: TOTAL CURRENT ASSETS | F56: =F50+F51+F52+F53+F54 -> 0 | G56: =G50+G51+G52+G53+G54 -> 0 | H56: =H50+H51+H52+H53+H54 -> 0 | I56: =I50+I51+I52+I53+I54 -> 0 | J56: =J50+J51+J52+J53+J54 -> 0
A57: 590 | C57: Note di commento per le Attività Correnti
A58: 600 | B58: N_CURR_AS_HFS | C58: C. TOTALE ATTIVITA' CESSATE O DESTINATE ALLA VENDITA (in migliaia di €) | D58: NON CURRENT ASSETS HELD FOR SALE
A59: 610 | B59: TOT_ASSET | C59: Totale Attività (A+B+C) (in migliaia di €) | F59: =F48+F56+F58 -> 0 | G59: =G48+G56+G58 -> 0 | H59: =H48+H56+H58 -> 0 | I59: =I48+I56+I58 -> 0 | J59: =J48+J56+J58 -> 0
A60: 620 | B60: TOT_ASSET_RPT | C60: Totale Attività riferite alle Parti Correlate (in migliaia di €) | D60: Total assets referred to the related party transaction
A61: 630 | C61: Descrivere il contenuto della casella precendente
A62: 640 | B62: SHAR_CAP | C62: Capitale Sociale (in migliaia di €) | D62: Share capital issued
A63: 650 | B63: RES_CAP | C63: Riserve di capitale (in migliaia di €) | D63: Reserves of capital
A64: 660 | B64: RET_EAR_RES | C64: Riserve di Utili e altre componenti di patrimonio netto incluso il capitale e riserve di terzi (in migliaia di €) | D64: Retained earnings an other reserves
A65: 670 | B65: NET_INC | C65: Utile/Perdita d'esercizio (in migliaia di €) | D65: Net income | E65: +/-
A66: 680 | B66: EQ_SHARE | C66: D. TOTALE PATRIMONIO NETTO (in migliaia di €) | D66: TOTAL EQUITY | F66: =F62+F63+F64+F65 -> 0 | G66: =G62+G63+G64+G65 -> 0 | H66: =H62+H63+H64+H65 -> 0 | I66: =I62+I63+I64+I65 -> 0 | J66: =J62+J63+J64+J65 -> 0
A67: 690 | B67: EQ_SHARE_H | C67: di cui, Patrimonio Netto della Controllante (in migliaia di €) | D67: Equity attrubutable to owners of the Parents | E67: +/-
A68: 700 | B68: EQ_SHARE_NCI | C68: di cui, Patrimonio Netto di Terzi (in migliaia di €) | D68: Equity attributable to non-controlling interest | E68: +/-
A69: 710 | C69: Note di commento per il Patrimonio Netto
A70: 720 | B70: N_CURR_FIN_LIAB | C70: Passività Finanziarie non Correnti (in migliaia di €) | D70: Non-current financial liabilities
A71: 730 | C71: Note di commento per le passività finanziarie non Correnti
A72: 740 | B72: EMPL_BEN | C72: Benefici per i dipendenti (in migliaia di €) | D72: Employee benefits
A73: 750 | B73: PROVISIONS | C73: Fondi per rischi e oneri (in migliaia di €) | D73: Provisions
A74: 760 | B74: TAX_LIAB | C74: Passività per imposte (in migliaia di €) | D74: Tax liabilities
A75: 770 | B75: OTH_N_CURR_AS | C75: Altre Passività non Correnti (in migliaia di €) | D75: Other non-current liabilities
A76: 780 | C76: Descrivere il contenuto della voce precedente
A77: 790 | B77: TOT_N_CURR_LIAB | C77: E. TOTALE PASSIVITA' NON CORRENTI (in migliaia di €) | D77: TOTAL NON-CURRENT LIABILITIES | F77: =F70+F72+F73+F74+F75 -> 0 | G77: =G70+G72+G73+G74+G75 -> 0 | H77: =H70+H72+H73+H74+H75 -> 0 | I77: =I70+I72+I73+I74+I75 -> 0 | J77: =J70+J72+J73+J74+J75 -> 0
A78: 800 | C78: Note di commento per le Passività non Correnti
A79: 810 | B79: CURR_FIN_LIAB | C79: Passività Finanziarie Correnti (in migliaia di €) | D79: Current financial liabilities
A80: 820 | B80: TRADE_PAY | C80: Debiti Commerciali (in migliaia di €) | D80: Trade payables
A81: 830 | B81: CURR_PROV | C81: Fondi correnti (in migliaia di €) | D81: Current provisions
A82: 840 | B82: CURR_INC_TAX_P | C82: Debiti tributari (in migliaia di €) | D82: Current income tax payables
A83: 850 | B83: OTH_CURR_LIAB | C83: Altre Passività Correnti (in migliaia di €) | D83: Other current liabilities
A84: 860 | C84: Descrivere il contenuto della voce precedente
A85: 870 | B85: TOT_CURR_LIAB | C85: F. TOTALE PASSIVITA' CORRENTI (in migliaia di €) | D85: TOTAL CURRENT LIABILITIES | F85: =F79+F80+F81+F82+F83 -> 0 | G85: =G79+G80+G81+G82+G83 -> 0 | H85: =H79+H80+H81+H82+H83 -> 0 | I85: =I79+I80+I81+I82+I83 -> 0 | J85: =J79+J80+J81+J82+J83 -> 0
A86: 880 | C86: Note di commento per le Passività Correnti
A87: 890 | B87: NON_CURR_LIAB_HFS | C87: G. TOTALE PASSIVITA' CESSATE O DESTINATE ALLA VENDITA (in migliaia di €) | D87: NON-CURRENT LIABILITIES HELD FOR SALE
A88: 900 | B88: TOT_EQT_LIAB | C88: Totale Patrimonio Netto (D) e Passività (E+F+G) (in migliaia di €) | D88: TOTAL EQUITY AND LIABILITIES | F88: =F66+F77+F85+F87 -> 0 | G88: =G66+G77+G85+G87 -> 0 | H88: =H66+H77+H85+H87 -> 0 | I88: =I66+I77+I85+I87 -> 0 | J88: =J66+J77+J85+J87 -> 0
A89: 910 | B89: TOT_EQT_LIAB_RPT | C89: Totale Passività e Patrimonio netto riferite alle Parti Correlate (in migliaia di €) | D89: Total liabilities and equity referred to the related party transactions
A90: 920 | C90: Descrivere il contenuto della voce precendente
A91: 930 | B91: AVG_TOT_ASSET | C91: investimenti medi
A92: 940 | B92: AVG_INVENTORIES | C92: Scorte medie
A93: 950 | B93: AVG_TRADE_REC | C93: Crediti commerciali medi
A94: 960 | B94: AVG_TRADELIAB | C94: Debiti commerciali medi
A95: 970 | C95: Componenti positivi di reddito riferiti alle Parti Correlate (in migliaia di €)
A96: 980 | C96: Descrivere il contenuto della voce precendente
A97: 990 | C97: Componenti negativi di reddito riferiti alle Parti Correlate (in migliaia di €)
A98: 1000 | C98: Descrivere il contenuto della voce precendente
A99: 1010 | B99: TOT_SALES | C99: A1) Ricavi (in migliaia di €) | D99: Revenues
A100: 1020 | B100: OTH_OP_REV | C100: A2) Altri proventi operativi (in migliaia di €) | D100: Other operating revenues
A101: 1030 | B101: TOT_OP_REV | C101: TOTALE RICAVI E ALTRI PROVENTI (A1+A2) (in migliaia di €) | D101: TOTAL OPERATING REVENUES AND OTHER INCOME | F101: =F99+F100 -> 0 | G101: =G99+G100 -> 0 | H101: =H99+H100 -> 0 | I101: =I99+I100 -> 0 | J101: =J99+J100 -> 0
...

Sheet Indicatori
A1: Il presente foglio contiene solo formule, quindi non deve essere modificato, ma può essere solo stampato
A2: Società: | B2: =Riclassificazioni!F12 -> 0 | K2: Società: | L2: =Riclassificazioni!F12 -> 0
B3: INDICE (in English) | C3: Variabile | D3: Calcolo | E3: Anno | F3: Anno | G3: Anno | H3: Anno | I3: Anno | K3: Codice nominatore dell'indice | L3: Variabile del nominatore | M3: Valore assoluto del nominatore per il | N3: Valore assoluto del nominatore per il | O3: Valore assoluto del nominatore per il | P3: Valore assoluto del nominatore per il | Q3: Valore assoluto del nominatore per il | R3: Codice denominatore dell'indice | S3: Variabile del denominatore | T3: Valore assoluto del de nominatore per il | U3: Valore assoluto del de nominatore per il | V3: Valore assoluto del de nominatore per il | W3: Valore assoluto del de nominatore per il | X3: Valore assoluto del de nominatore per il
E4: =Riclassificazioni!$F16 -> 0 | F4: =Riclassificazioni!$G16 -> 0 | G4: =Riclassificazioni!$H16 -> 0 | H4: =Riclassificazioni!$I16 -> 0 | I4: =Riclassificazioni!$J16 -> 0 | M4: =Riclassificazioni!$F16 -> 0 | N4: =Riclassificazioni!$G16 -> 0 | O4: =Riclassificazioni!$H16 -> 0 | P4: =Riclassificazioni!$I16 -> 0 | Q4: =Riclassificazioni!$J16 -> 0 | T4: =Riclassificazioni!$F16 -> 0 | U4: =Riclassificazioni!$G16 -> 0 | V4: =Riclassificazioni!$H16 -> 0 | W4: =Riclassificazioni!$I16 -> 0 | X4: =Riclassificazioni!$J16 -> 0
A5: Profitability | B5: Return on Equity (ROE) | C5: ROE | D5: NET_INC/EQ_SHARE | E5: =M5/T5 -> #DIV/0! | F5: =N5/U5 -> #DIV/0! | G5: =O5/V5 -> #DIV/0! | H5: =P5/W5 -> #DIV/0! | I5: =Q5/X5 -> #DIV/0! | K5: 1270 | L5: =VLOOKUP($K5,Riclassificazioni!$A:$J,2) -> NET_INC | M5: =VLOOKUP($K5,Riclassificazioni!$A:$J,6) -> 0 | N5: =VLOOKUP($K5,Riclassificazioni!$A:$J,7) -> 0 | O5: =VLOOKUP($K5,Riclassificazioni!$A:$J,8) -> 0 | P5: =VLOOKUP($K5,Riclassificazioni!$A:$J,9) -> 0 | Q5: =VLOOKUP($K5,Riclassificazioni!$A:$J,10) -> 0 | R5: 680 | S5: =VLOOKUP($R5,Riclassificazioni!$A:$J,2) -> EQ_SHARE | T5: =VLOOKUP($R5,Riclassificazioni!$A:$J,6) -> 0 | U5: =VLOOKUP($R5,Riclassificazioni!$A:$J,7) -> 0 | V5: =VLOOKUP($R5,Riclassificazioni!$A:$J,8) -> 0 | W5: =VLOOKUP($R5,Riclassificazioni!$A:$J,9) -> 0 | X5: =VLOOKUP($R5,Riclassificazioni!$A:$J,10) -> 0
B6: Return on Equity of the parent | C6: ROE_H | D6: NET_INC_H/EQ_SHARE_H | E6: =M6/T6 -> #DIV/0! | F6: =N6/U6 -> #DIV/0! | G6: =O6/V6 -> #DIV/0! | H6: =P6/W6 -> #DIV/0! | I6: =Q6/X6 -> #DIV/0! | K6: 1280 | L6: =VLOOKUP($K6,Riclassificazioni!$A:$J,2) -> NET_INC_H | M6: =VLOOKUP($K6,Riclassificazioni!$A:$J,6) -> 0 | N6: =VLOOKUP($K6,Riclassificazioni!$A:$J,7) -> 0 | O6: =VLOOKUP($K6,Riclassificazioni!$A:$J,8) -> 0 | P6: =VLOOKUP($K6,Riclassificazioni!$A:$J,9) -> 0 | Q6: =VLOOKUP($K6,Riclassificazioni!$A:$J,10) -> 0 | R6: 690 | S6: =VLOOKUP($R6,Riclassificazioni!$A:$J,2) -> EQ_SHARE_H | T6: =VLOOKUP($R6,Riclassificazioni!$A:$J,6) -> 0 | U6: =VLOOKUP($R6,Riclassificazioni!$A:$J,7) -> 0 | V6: =VLOOKUP($R6,Riclassificazioni!$A:$J,8) -> 0 | W6: =VLOOKUP($R6,Riclassificazioni!$A:$J,9) -> 0 | X6: =VLOOKUP($R6,Riclassificazioni!$A:$J,10) -> 0
B7: Return on Equity of the non-controlling interests | C7: ROE_OS | D7: NET_INC_NCI/EQ_SHARE_NCI | E7: =M7/T7 -> #DIV/0! | F7: =N7/U7 -> #DIV/0! | G7: =O7/V7 -> #DIV/0! | H7: =P7/W7 -> #DIV/0! | I7: =Q7/X7 -> #DIV/0! | K7: 1290 | L7: =VLOOKUP($K7,Riclassificazioni!$A:$J,2) -> NET_INC_NCI | M7: =VLOOKUP($K7,Riclassificazioni!$A:$J,6) -> 0 | N7: =VLOOKUP($K7,Riclassificazioni!$A:$J,7) -> 0 | O7: =VLOOKUP($K7,Riclassificazioni!$A:$J,8) -> 0 | P7: =VLOOKUP($K7,Riclassificazioni!$A:$J,9) -> 0 | Q7: =VLOOKUP($K7,Riclassificazioni!$A:$J,10) -> 0 | R7: 700 | S7: =VLOOKUP($R7,Riclassificazioni!$A:$J,2) -> EQ_SHARE_NCI | T7: =VLOOKUP($R7,Riclassificazioni!$A:$J,6) -> 0 | U7: =VLOOKUP($R7,Riclassificazioni!$A:$J,7) -> 0 | V7: =VLOOKUP($R7,Riclassificazioni!$A:$J,8) -> 0 | W7: =VLOOKUP($R7,Riclassificazioni!$A:$J,9) -> 0 | X7: =VLOOKUP($R7,Riclassificazioni!$A:$J,10) -> 0
B8: Return on Investment (ROI) | C8: ROI | D8: OP_INC/OP_ASSET | E8: =M8/T8 -> #DIV/0! | F8: =N8/U8 -> #DIV/0! | G8: =O8/V8 -> #DIV/0! | H8: =P8/W8 -> #DIV/0! | I8: =Q8/X8 -> #DIV/0! | K8: 1160 | L8: =VLOOKUP($K8,Riclassificazioni!$A:$J,2) -> OP_INC | M8: =VLOOKUP($K8,Riclassificazioni!$A:$J,6) -> 0 | N8: =VLOOKUP($K8,Riclassificazioni!$A:$J,7) -> 0 | O8: =VLOOKUP($K8,Riclassificazioni!$A:$J,8) -> 0 | P8: =VLOOKUP($K8,Riclassificazioni!$A:$J,9) -> 0 | Q8: =VLOOKUP($K8,Riclassificazioni!$A:$J,10) -> 0 | R8: 1440 | S8: =VLOOKUP($R8,Riclassificazioni!$A:$J,2) -> OP_ASSET | T8: =VLOOKUP($R8,Riclassificazioni!$A:$J,6) -> 0 | U8: =VLOOKUP($R8,Riclassificazioni!$A:$J,7) -> 0 | V8: =VLOOKUP($R8,Riclassificazioni!$A:$J,8) -> 0 | W8: =VLOOKUP($R8,Riclassificazioni!$A:$J,9) -> 0 | X8: =VLOOKUP($R8,Riclassificazioni!$A:$J,10) -> 0
B9: Incidence of operating assets | C9: INC_OP_ASSET | D9: OP_ASSET/TOT_ASSET | E9: =M9/T9 -> #DIV/0! | F9: =N9/U9 -> #DIV/0! | G9: =O9/V9 -> #DIV/0! | H9: =P9/W9 -> #DIV/0! | I9: =Q9/X9 -> #DIV/0! | K9: 1440 | L9: =VLOOKUP($K9,Riclassificazioni!$A:$J,2) -> OP_ASSET | M9: =VLOOKUP($K9,Riclassificazioni!$A:$J,6) -> 0 | N9: =VLOOKUP($K9,Riclassificazioni!$A:$J,7) -> 0 | O9: =VLOOKUP($K9,Riclassificazioni!$A:$J,8) -> 0 | P9: =VLOOKUP($K9,Riclassificazioni!$A:$J,9) -> 0 | Q9: =VLOOKUP($K9,Riclassificazioni!$A:$J,10) -> 0 | R9: 610 | S9: =VLOOKUP($R9,Riclassificazioni!$A:$J,2) -> TOT_ASSET | T9: =VLOOKUP($R9,Riclassificazioni!$A:$J,6) -> 0 | U9: =VLOOKUP($R9,Riclassificazioni!$A:$J,7) -> 0 | V9: =VLOOKUP($R9,Riclassificazioni!$A:$J,8) -> 0 | W9: =VLOOKUP($R9,Riclassificazioni!$A:$J,9) -> 0 | X9: =VLOOKUP($R9,Riclassificazioni!$A:$J,10) -> 0
B10: Incidence of non operating activities | C10: INC_NONOPACT | D10: NET_INC/OP_INC | E10: =M10/T10 -> #DIV/0! | F10: =N10/U10 -> #DIV/0! | G10: =O10/V10 -> #DIV/0! | H10: =P10/W10 -> #DIV/0! | I10: =Q10/X10 -> #DIV/0! | K10: 1270 | L10: =VLOOKUP($K10,Riclassificazioni!$A:$J,2) -> NET_INC | M10: =VLOOKUP($K10,Riclassificazioni!$A:$J,6) -> 0 | N10: =VLOOKUP($K10,Riclassificazioni!$A:$J,7) -> 0 | O10: =VLOOKUP($K10,Riclassificazioni!$A:$J,8) -> 0 | P10: =VLOOKUP($K10,Riclassificazioni!$A:$J,9) -> 0 | Q10: =VLOOKUP($K10,Riclassificazioni!$A:$J,10) -> 0 | R10: 1160 | S10: =VLOOKUP($R10,Riclassificazioni!$A:$J,2) -> OP_INC | T10: =VLOOKUP($R10,Riclassificazioni!$A:$J,6) -> 0 | U10: =VLOOKUP($R10,Riclassificazioni!$A:$J,7) -> 0 | V10: =VLOOKUP($R10,Riclassificazioni!$A:$J,8) -> 0 | W10: =VLOOKUP($R10,Riclassificazioni!$A:$J,9) -> 0 | X10: =VLOOKUP($R10,Riclassificazioni!$A:$J,10) -> 0
B11: leverage | C11: LEV | D11: TOT_ASSET/EQ_SHARE | E11: =M11/T11 -> #DIV/0! | F11: =N11/U11 -> #DIV/0! | G11: =O11/V11 -> #DIV/0! | H11: =P11/W11 -> #DIV/0! | I11: =Q11/X11 -> #DIV/0! | K11: 610 | L11: =VLOOKUP($K11,Riclassificazioni!$A:$J,2) -> TOT_ASSET | M11: =VLOOKUP($K11,Riclassificazioni!$A:$J,6) -> 0 | N11: =VLOOKUP($K11,Riclassificazioni!$A:$J,7) -> 0 | O11: =VLOOKUP($K11,Riclassificazioni!$A:$J,8) -> 0 | P11: =VLOOKUP($K11,Riclassificazioni!$A:$J,9) -> 0 | Q11: =VLOOKUP($K11,Riclassificazioni!$A:$J,10) -> 0 | R11: 680 | S11: =VLOOKUP($R11,Riclassificazioni!$A:$J,2) -> EQ_SHARE | T11: =VLOOKUP($R11,Riclassificazioni!$A:$J,6) -> 0 | U11: =VLOOKUP($R11,Riclassificazioni!$A:$J,7) -> 0 | V11: =VLOOKUP($R11,Riclassificazioni!$A:$J,8) -> 0 | W11: =VLOOKUP($R11,Riclassificazioni!$A:$J,9) -> 0 | X11: =VLOOKUP($R11,Riclassificazioni!$A:$J,10) -> 0
B12: Operating Asset Turnover | C12: OP_ASSET_TURN | D12: TOT_OP_REV/OP_ASSET | E12: =M12/T12 -> #DIV/0! | F12: =N12/U12 -> #DIV/0! | G12: =O12/V12 -> #DIV/0! | H12: =P12/W12 -> #DIV/0! | I12: =Q12/X12 -> #DIV/0! | K12: 1030 | L12: =VLOOKUP($K12,Riclassificazioni!$A:$J,2) -> TOT_OP_REV | M12: =VLOOKUP($K12,Riclassificazioni!$A:$J,6) -> 0 | N12: =VLOOKUP($K12,Riclassificazioni!$A:$J,7) -> 0 | O12: =VLOOKUP($K12,Riclassificazioni!$A:$J,8) -> 0 | P12: =VLOOKUP($K12,Riclassificazioni!$A:$J,9) -> 0 | Q12: =VLOOKUP($K12,Riclassificazioni!$A:$J,10) -> 0 | R12: 1440 | S12: =VLOOKUP($R12,Riclassificazioni!$A:$J,2) -> OP_ASSET | T12: =VLOOKUP($R12,Riclassificazioni!$A:$J,6) -> 0 | U12: =VLOOKUP($R12,Riclassificazioni!$A:$J,7) -> 0 | V12: =VLOOKUP($R12,Riclassificazioni!$A:$J,8) -> 0 | W12: =VLOOKUP($R12,Riclassificazioni!$A:$J,9) -> 0 | X12: =VLOOKUP($R12,Riclassificazioni!$A:$J,10) -> 0
B13: ASSET TURNOVER | C13: ASSET_TURN | D13: TOT_REVENUE/TOT_ASSET | E13: =M13/T13 -> #DIV/0! | F13: =N13/U13 -> #DIV/0! | G13: =O13/V13 -> #DIV/0! | H13: =P13/W13 -> #DIV/0! | I13: =Q13/X13 -> #DIV/0! | K13: 1570 | L13: =VLOOKUP($K13,Riclassificazioni!$A:$J,2) -> TOT_REVENUE | M13: =VLOOKUP($K13,Riclassificazioni!$A:$J,6) -> 0 | N13: =VLOOKUP($K13,Riclassificazioni!$A:$J,7) -> 0 | O13: =VLOOKUP($K13,Riclassificazioni!$A:$J,8) -> 0 | P13: =VLOOKUP($K13,Riclassificazioni!$A:$J,9) -> 0 | Q13: =VLOOKUP($K13,Riclassificazioni!$A:$J,10) -> 0 | R13: 610 | S13: =VLOOKUP($R13,Riclassificazioni!$A:$J,2) -> TOT_ASSET | T13: =VLOOKUP($R13,Riclassificazioni!$A:$J,6) -> 0 | U13: =VLOOKUP($R13,Riclassificazioni!$A:$J,7) -> 0 | V13: =VLOOKUP($R13,Riclassificazioni!$A:$J,8) -> 0 | W13: =VLOOKUP($R13,Riclassificazioni!$A:$J,9) -> 0 | X13: =VLOOKUP($R13,Riclassificazioni!$A:$J,10) -> 0
B14: ROS | C14: ROS | D14: OP_INC/TOT_OP_REV | E14: =M14/T14 -> #DIV/0! | F14: =N14/U14 -> #DIV/0! | G14: =O14/V14 -> #DIV/0! | H14: =P14/W14 -> #DIV/0! | I14: =Q14/X14 -> #DIV/0! | K14: 1160 | L14: =VLOOKUP($K14,Riclassificazioni!$A:$J,2) -> OP_INC | M14: =VLOOKUP($K14,Riclassificazioni!$A:$J,6) -> 0 | N14: =VLOOKUP($K14,Riclassificazioni!$A:$J,7) -> 0 | O14: =VLOOKUP($K14,Riclassificazioni!$A:$J,8) -> 0 | P14: =VLOOKUP($K14,Riclassificazioni!$A:$J,9) -> 0 | Q14: =VLOOKUP($K14,Riclassificazioni!$A:$J,10) -> 0 | R14: 1030 | S14: =VLOOKUP($R14,Riclassificazioni!$A:$J,2) -> TOT_OP_REV | T14: =VLOOKUP($R14,Riclassificazioni!$A:$J,6) -> 0 | U14: =VLOOKUP($R14,Riclassificazioni!$A:$J,7) -> 0 | V14: =VLOOKUP($R14,Riclassificazioni!$A:$J,8) -> 0 | W14: =VLOOKUP($R14,Riclassificazioni!$A:$J,9) -> 0 | X14: =VLOOKUP($R14,Riclassificazioni!$A:$J,10) -> 0
B15: ROA | C15: ROA | D15: EBIT/TOT_ASSET | E15: =M15/T15 -> #DIV/0! | F15: =N15/U15 -> #DIV/0! | G15: =O15/V15 -> #DIV/0! | H15: =P15/W15 -> #DIV/0! | I15: =Q15/X15 -> #DIV/0! | K15: 1590 | L15: =VLOOKUP($K15,Riclassificazioni!$A:$J,2) -> EBIT | M15: =VLOOKUP($K15,Riclassificazioni!$A:$J,6) -> 0 | N15: =VLOOKUP($K15,Riclassificazioni!$A:$J,7) -> 0 | O15: =VLOOKUP($K15,Riclassificazioni!$A:$J,8) -> 0 | P15: =VLOOKUP($K15,Riclassificazioni!$A:$J,9) -> 0 | Q15: =VLOOKUP($K15,Riclassificazioni!$A:$J,10) -> 0 | R15: 610 | S15: =VLOOKUP($R15,Riclassificazioni!$A:$J,2) -> TOT_ASSET | T15: =VLOOKUP($R15,Riclassificazioni!$A:$J,6) -> 0 | U15: =VLOOKUP($R15,Riclassificazioni!$A:$J,7) -> 0 | V15: =VLOOKUP($R15,Riclassificazioni!$A:$J,8) -> 0 | W15: =VLOOKUP($R15,Riclassificazioni!$A:$J,9) -> 0 | X15: =VLOOKUP($R15,Riclassificazioni!$A:$J,10) -> 0
B16: RONA | C16: RONA | D16: EBIT/ASSET_NETWORKLIAB | E16: =M16/T16 -> #DIV/0! | F16: =N16/U16 -> #DIV/0! | G16: =O16/V16 -> #DIV/0! | H16: =P16/W16 -> #DIV/0! | I16: =Q16/X16 -> #DIV/0! | K16: 1590 | L16: =VLOOKUP($K16,Riclassificazioni!$A:$J,2) -> EBIT | M16: =VLOOKUP($K16,Riclassificazioni!$A:$J,6) -> 0 | N16: =VLOOKUP($K16,Riclassificazioni!$A:$J,7) -> 0 | O16: =VLOOKUP($K16,Riclassificazioni!$A:$J,8) -> 0 | P16: =VLOOKUP($K16,Riclassificazioni!$A:$J,9) -> 0 | Q16: =VLOOKUP($K16,Riclassificazioni!$A:$J,10) -> 0 | R16: 1510 | S16: =VLOOKUP($R16,Riclassificazioni!$A:$J,2) -> ASSET_NETWORKLIAB | T16: =VLOOKUP($R16,Riclassificazioni!$A:$J,6) -> 0 | U16: =VLOOKUP($R16,Riclassificazioni!$A:$J,7) -> 0 | V16: =VLOOKUP($R16,Riclassificazioni!$A:$J,8) -> 0 | W16: =VLOOKUP($R16,Riclassificazioni!$A:$J,9) -> 0 | X16: =VLOOKUP($R16,Riclassificazioni!$A:$J,10) -> 0
B17: ROACE | C17: ROACE | D17: NET_INC/AVG_TOT_ASSET | E17: =M17/T17 -> #DIV/0! | F17: =N17/U17 -> #DIV/0! | G17: =O17/V17 -> #DIV/0! | H17: =P17/W17 -> #DIV/0! | I17: =Q17/X17 -> #DIV/0! | K17: 1270 | L17: =VLOOKUP($K17,Riclassificazioni!$A:$J,2) -> NET_INC | M17: =VLOOKUP($K17,Riclassificazioni!$A:$J,6) -> 0 | N17: =VLOOKUP($K17,Riclassificazioni!$A:$J,7) -> 0 | O17: =VLOOKUP($K17,Riclassificazioni!$A:$J,8) -> 0 | P17: =VLOOKUP($K17,Riclassificazioni!$A:$J,9) -> 0 | Q17: =VLOOKUP($K17,Riclassificazioni!$A:$J,10) -> 0 | R17: 930 | S17: =VLOOKUP($R17,Riclassificazioni!$A:$J,2) -> AVG_TOT_ASSET | T17: =VLOOKUP($R17,Riclassificazioni!$A:$J,6) -> 0 | U17: =VLOOKUP($R17,Riclassificazioni!$A:$J,7) -> 0 | V17: =VLOOKUP($R17,Riclassificazioni!$A:$J,8) -> 0 | W17: =VLOOKUP($R17,Riclassificazioni!$A:$J,9) -> 0 | X17: =VLOOKUP($R17,Riclassificazioni!$A:$J,10) -> 0
B18: Coverage | C18: COVER | D18: OP_INC/FIN_EXP | E18: =M18/T18 -> #DIV/0! | F18: =N18/U18 -> #DIV/0! | G18: =O18/V18 -> #DIV/0! | H18: =P18/W18 -> #DIV/0! | I18: =Q18/X18 -> #DIV/0! | K18: 1160 | L18: =VLOOKUP($K18,Riclassificazioni!$A:$J,2) -> OP_INC | M18: =VLOOKUP($K18,Riclassificazioni!$A:$J,6) -> 0 | N18: =VLOOKUP($K18,Riclassificazioni!$A:$J,7) -> 0 | O18: =VLOOKUP($K18,Riclassificazioni!$A:$J,8) -> 0 | P18: =VLOOKUP($K18,Riclassificazioni!$A:$J,9) -> 0 | Q18: =VLOOKUP($K18,Riclassificazioni!$A:$J,10) -> 0 | R18: 1170 | S18: =VLOOKUP($R18,Riclassificazioni!$A:$J,2) -> FIN_EXP | T18: =VLOOKUP($R18,Riclassificazioni!$A:$J,6) -> 0 | U18: =VLOOKUP($R18,Riclassificazioni!$A:$J,7) -> 0 | V18: =VLOOKUP($R18,Riclassificazioni!$A:$J,8) -> 0 | W18: =VLOOKUP($R18,Riclassificazioni!$A:$J,9) -> 0 | X18: =VLOOKUP($R18,Riclassificazioni!$A:$J,10) -> 0
A19: leverage | B19: ROD | C19: ROD | D19: FIN_EXP/FIN_DEB | E19: =M19/T19 -> #DIV/0! | F19: =N19/U19 -> #DIV/0! | G19: =O19/V19 -> #DIV/0! | H19: =P19/W19 -> #DIV/0! | I19: =Q19/X19 -> #DIV/0! | K19: 1170 | L19: =VLOOKUP($K19,Riclassificazioni!$A:$J,2) -> FIN_EXP | M19: =VLOOKUP($K19,Riclassificazioni!$A:$J,6) -> 0 | N19: =VLOOKUP($K19,Riclassificazioni!$A:$J,7) -> 0 | O19: =VLOOKUP($K19,Riclassificazioni!$A:$J,8) -> 0 | P19: =VLOOKUP($K19,Riclassificazioni!$A:$J,9) -> 0 | Q19: =VLOOKUP($K19,Riclassificazioni!$A:$J,10) -> 0 | R19: 1550 | S19: =VLOOKUP($R19,Riclassificazioni!$A:$J,2) -> FIN_DEB | T19: =VLOOKUP($R19,Riclassificazioni!$A:$J,6) -> 0 | U19: =VLOOKUP($R19,Riclassificazioni!$A:$J,7) -> 0 | V19: =VLOOKUP($R19,Riclassificazioni!$A:$J,8) -> 0 | W19: =VLOOKUP($R19,Riclassificazioni!$A:$J,9) -> 0 | X19: =VLOOKUP($R19,Riclassificazioni!$A:$J,10) -> 0
B20: Incidence of h SHAREHOLDERS | C20: INC_EQ_SHARE | D20: EQ_SHARE_H/EQ_SHARE | E20: =M20/T20 -> #DIV/0! | F20: =N20/U20 -> #DIV/0! | G20: =O20/V20 -> #DIV/0! | H20: =P20/W20 -> #DIV/0! | I20: =Q20/X20 -> #DIV/0! | K20: 690 | L20: =VLOOKUP($K20,Riclassificazioni!$A:$J,2) -> EQ_SHARE_H | M20: =VLOOKUP($K20,Riclassificazioni!$A:$J,6) -> 0 | N20: =VLOOKUP($K20,Riclassificazioni!$A:$J,7) -> 0 | O20: =VLOOKUP($K20,Riclassificazioni!$A:$J,8) -> 0 | P20: =VLOOKUP($K20,Riclassificazioni!$A:$J,9) -> 0 | Q20: =VLOOKUP($K20,Riclassificazioni!$A:$J,10) -> 0 | R20: 680 | S20: =VLOOKUP($R20,Riclassificazioni!$A:$J,2) -> EQ_SHARE | T20: =VLOOKUP($R20,Riclassificazioni!$A:$J,6) -> 0 | U20: =VLOOKUP($R20,Riclassificazioni!$A:$J,7) -> 0 | V20: =VLOOKUP($R20,Riclassificazioni!$A:$J,8) -> 0 | W20: =VLOOKUP($R20,Riclassificazioni!$A:$J,9) -> 0 | X20: =VLOOKUP($R20,Riclassificazioni!$A:$J,10) -> 0
B21: Financial autonomy | C21: FIN_AUT | D21: EQ_SHARE/TOT_EQT_LIAB | E21: =M21/T21 -> #DIV/0! | F21: =N21/U21 -> #DIV/0! | G21: =O21/V21 -> #DIV/0! | H21: =P21/W21 -> #DIV/0! | I21: =Q21/X21 -> #DIV/0! | K21: 680 | L21: =VLOOKUP($K21,Riclassificazioni!$A:$J,2) -> EQ_SHARE | M21: =VLOOKUP($K21,Riclassificazioni!$A:$J,6) -> 0 | N21: =VLOOKUP($K21,Riclassificazioni!$A:$J,7) -> 0 | O21: =VLOOKUP($K21,Riclassificazioni!$A:$J,8) -> 0 | P21: =VLOOKUP($K21,Riclassificazioni!$A:$J,9) -> 0 | Q21: =VLOOKUP($K21,Riclassificazioni!$A:$J,10) -> 0 | R21: 900 | S21: =VLOOKUP($R21,Riclassificazioni!$A:$J,2) -> TOT_EQT_LIAB | T21: =VLOOKUP($R21,Riclassificazioni!$A:$J,6) -> 0 | U21: =VLOOKUP($R21,Riclassificazioni!$A:$J,7) -> 0 | V21: =VLOOKUP($R21,Riclassificazioni!$A:$J,8) -> 0 | W21: =VLOOKUP($R21,Riclassificazioni!$A:$J,9) -> 0 | X21: =VLOOKUP($R21,Riclassificazioni!$A:$J,10) -> 0
B22: Level of liabilities | C22: LEV_LIAB | D22: T_LIAB/EQ_SHARE | E22: =M22/T22 -> #DIV/0! | F22: =N22/U22 -> #DIV/0! | G22: =O22/V22 -> #DIV/0! | H22: =P22/W22 -> #DIV/0! | I22: =Q22/X22 -> #DIV/0! | K22: 1700 | L22: =VLOOKUP($K22,Riclassificazioni!$A:$J,2) -> TOT_LIAB | M22: =VLOOKUP($K22,Riclassificazioni!$A:$J,6) -> 0 | N22: =VLOOKUP($K22,Riclassificazioni!$A:$J,7) -> 0 | O22: =VLOOKUP($K22,Riclassificazioni!$A:$J,8) -> 0 | P22: =VLOOKUP($K22,Riclassificazioni!$A:$J,9) -> 0 | Q22: =VLOOKUP($K22,Riclassificazioni!$A:$J,10) -> 0 | R22: 680 | S22: =VLOOKUP($R22,Riclassificazioni!$A:$J,2) -> EQ_SHARE | T22: =VLOOKUP($R22,Riclassificazioni!$A:$J,6) -> 0 | U22: =VLOOKUP($R22,Riclassificazioni!$A:$J,7) -> 0 | V22: =VLOOKUP($R22,Riclassificazioni!$A:$J,8) -> 0 | W22: =VLOOKUP($R22,Riclassificazioni!$A:$J,9) -> 0 | X22: =VLOOKUP($R22,Riclassificazioni!$A:$J,10) -> 0
B23: Structure of liabilities | C23: STRU_LIAB | D23: FIN_DEB/T_LIAB | E23: =M23/T23 -> #DIV/0! | F23: =N23/U23 -> #DIV/0! | G23: =O23/V23 -> #DIV/0! | H23: =P23/W23 -> #DIV/0! | I23: =Q23/X23 -> #DIV/0! | K23: 1550 | L23: =VLOOKUP($K23,Riclassificazioni!$A:$J,2) -> FIN_DEB | M23: =VLOOKUP($K23,Riclassificazioni!$A:$J,6) -> 0 | N23: =VLOOKUP($K23,Riclassificazioni!$A:$J,7) -> 0 | O23: =VLOOKUP($K23,Riclassificazioni!$A:$J,8) -> 0 | P23: =VLOOKUP($K23,Riclassificazioni!$A:$J,9) -> 0 | Q23: =VLOOKUP($K23,Riclassificazioni!$A:$J,10) -> 0 | R23: 1700 | S23: =VLOOKUP($R23,Riclassificazioni!$A:$J,2) -> TOT_LIAB | T23: =VLOOKUP($R23,Riclassificazioni!$A:$J,6) -> 0 | U23: =VLOOKUP($R23,Riclassificazioni!$A:$J,7) -> 0 | V23: =VLOOKUP($R23,Riclassificazioni!$A:$J,8) -> 0 | W23: =VLOOKUP($R23,Riclassificazioni!$A:$J,9) -> 0 | X23: =VLOOKUP($R23,Riclassificazioni!$A:$J,10) -> 0
B24: Consolidation of financial debt | C24: CONS_FDEBT | D24: N_CURR_FIN_LIAB/FIN_DEB | E24: =M24/T24 -> #DIV/0! | F24: =N24/U24 -> #DIV/0! | G24: =O24/V24 -> #DIV/0! | H24: =P24/W24 -> #DIV/0! | I24: =Q24/X24 -> #DIV/0! | K24: 720 | L24: =VLOOKUP($K24,Riclassificazioni!$A:$J,2) -> N_CURR_FIN_LIAB | M24: =VLOOKUP($K24,Riclassificazioni!$A:$J,6) -> 0 | N24: =VLOOKUP($K24,Riclassificazioni!$A:$J,7) -> 0 | O24: =VLOOKUP($K24,Riclassificazioni!$A:$J,8) -> 0 | P24: =VLOOKUP($K24,Riclassificazioni!$A:$J,9) -> 0 | Q24: =VLOOKUP($K24,Riclassificazioni!$A:$J,10) -> 0 | R24: 1550 | S24: =VLOOKUP($R24,Riclassificazioni!$A:$J,2) -> FIN_DEB | T24: =VLOOKUP($R24,Riclassificazioni!$A:$J,6) -> 0 | U24: =VLOOKUP($R24,Riclassificazioni!$A:$J,7) -> 0 | V24: =VLOOKUP($R24,Riclassificazioni!$A:$J,8) -> 0 | W24: =VLOOKUP($R24,Riclassificazioni!$A:$J,9) -> 0 | X24: =VLOOKUP($R24,Riclassificazioni!$A:$J,10) -> 0
A25: turnover | B25: Inventories Turnover | C25: INVENT_TURN | D25: TOT_OP_REV/AVG_INVENTORIES | E25: =M25/T25 -> #DIV/0! | F25: =N25/U25 -> #DIV/0! | G25: =O25/V25 -> #DIV/0! | H25: =P25/W25 -> #DIV/0! | I25: =Q25/X25 -> #DIV/0! | K25: 1030 | L25: =VLOOKUP($K25,Riclassificazioni!$A:$J,2) -> TOT_OP_REV | M25: =VLOOKUP($K25,Riclassificazioni!$A:$J,6) -> 0 | N25: =VLOOKUP($K25,Riclassificazioni!$A:$J,7) -> 0 | O25: =VLOOKUP($K25,Riclassificazioni!$A:$J,8) -> 0 | P25: =VLOOKUP($K25,Riclassificazioni!$A:$J,9) -> 0 | Q25: =VLOOKUP($K25,Riclassificazioni!$A:$J,10) -> 0 | R25: 940 | S25: =VLOOKUP($R25,Riclassificazioni!$A:$J,2) -> AVG_INVENTORIES | T25: =VLOOKUP($R25,Riclassificazioni!$A:$J,6) -> 0 | U25: =VLOOKUP($R25,Riclassificazioni!$A:$J,7) -> 0 | V25: =VLOOKUP($R25,Riclassificazioni!$A:$J,8) -> 0 | W25: =VLOOKUP($R25,Riclassificazioni!$A:$J,9) -> 0 | X25: =VLOOKUP($R25,Riclassificazioni!$A:$J,10) -> 0
B26: Trade Recevible Turnover | C26: REC_TURN | D26: TOT_OP_REV/AVG_TRADE_REC | E26: =M26/T26 -> #DIV/0! | F26: =N26/U26 -> #DIV/0! | G26: =O26/V26 -> #DIV/0! | H26: =P26/W26 -> #DIV/0! | I26: =Q26/X26 -> #DIV/0! | K26: 1030 | L26: =VLOOKUP($K26,Riclassificazioni!$A:$J,2) -> TOT_OP_REV | M26: =VLOOKUP($K26,Riclassificazioni!$A:$J,6) -> 0 | N26: =VLOOKUP($K26,Riclassificazioni!$A:$J,7) -> 0 | O26: =VLOOKUP($K26,Riclassificazioni!$A:$J,8) -> 0 | P26: =VLOOKUP($K26,Riclassificazioni!$A:$J,9) -> 0 | Q26: =VLOOKUP($K26,Riclassificazioni!$A:$J,10) -> 0 | R26: 950 | S26: =VLOOKUP($R26,Riclassificazioni!$A:$J,2) -> AVG_TRADE_REC | T26: =VLOOKUP($R26,Riclassificazioni!$A:$J,6) -> 0 | U26: =VLOOKUP($R26,Riclassificazioni!$A:$J,7) -> 0 | V26: =VLOOKUP($R26,Riclassificazioni!$A:$J,8) -> 0 | W26: =VLOOKUP($R26,Riclassificazioni!$A:$J,9) -> 0 | X26: =VLOOKUP($R26,Riclassificazioni!$A:$J,10) -> 0
B27: Trade Account Payble TurNover | C27: PAY_TURN | D27: GOODSERV/AVG_TRADELIAB | E27: =M27/T27 -> #DIV/0! | F27: =N27/U27 -> #DIV/0! | G27: =O27/V27 -> #DIV/0! | H27: =P27/W27 -> #DIV/0! | I27: =Q27/X27 -> #DIV/0! | K27: 1600 | L27: =VLOOKUP($K27,Riclassificazioni!$A:$J,2) -> GOODSERV | M27: =VLOOKUP($K27,Riclassificazioni!$A:$J,6) -> 0 | N27: =VLOOKUP($K27,Riclassificazioni!$A:$J,7) -> 0 | O27: =VLOOKUP($K27,Riclassificazioni!$A:$J,8) -> 0 | P27: =VLOOKUP($K27,Riclassificazioni!$A:$J,9) -> 0 | Q27: =VLOOKUP($K27,Riclassificazioni!$A:$J,10) -> 0 | R27: 960 | S27: =VLOOKUP($R27,Riclassificazioni!$A:$J,2) -> AVG_TRADELIAB | T27: =VLOOKUP($R27,Riclassificazioni!$A:$J,6) -> 0 | U27: =VLOOKUP($R27,Riclassificazioni!$A:$J,7) -> 0 | V27: =VLOOKUP($R27,Riclassificazioni!$A:$J,8) -> 0 | W27: =VLOOKUP($R27,Riclassificazioni!$A:$J,9) -> 0 | X27: =VLOOKUP($R27,Riclassificazioni!$A:$J,10) -> 0
B28: Equipment and technical assets turnover | C28: EQUIP_TURN | D28: TOT_OP_REV/PR_PL_EQ | E28: =M28/T28 -> #DIV/0! | F28: =N28/U28 -> #DIV/0! | G28: =O28/V28 -> #DIV/0! | H28: =P28/W28 -> #DIV/0! | I28: =Q28/X28 -> #DIV/0! | K28: 1030 | L28: =VLOOKUP($K28,Riclassificazioni!$A:$J,2) -> TOT_OP_REV | M28: =VLOOKUP($K28,Riclassificazioni!$A:$J,6) -> 0 | N28: =VLOOKUP($K28,Riclassificazioni!$A:$J,7) -> 0 | O28: =VLOOKUP($K28,Riclassificazioni!$A:$J,8) -> 0 | P28: =VLOOKUP($K28,Riclassificazioni!$A:$J,9) -> 0 | Q28: =VLOOKUP($K28,Riclassificazioni!$A:$J,10) -> 0 | R28: 420 | S28: =VLOOKUP($R28,Riclassificazioni!$A:$J,2) -> PR_PL_EQ | T28: =VLOOKUP($R28,Riclassificazioni!$A:$J,6) -> 0 | U28: =VLOOKUP($R28,Riclassificazioni!$A:$J,7) -> 0 | V28: =VLOOKUP($R28,Riclassificazioni!$A:$J,8) -> 0 | W28: =VLOOKUP($R28,Riclassificazioni!$A:$J,9) -> 0 | X28: =VLOOKUP($R28,Riclassificazioni!$A:$J,10) -> 0
A29: duration | B29: Duration of inventories | C29: DUR_INVENT | D29: 360/INVENT_TURN | E29: =360/E25 -> #DIV/0! | F29: =360/F25 -> #DIV/0! | G29: =360/G25 -> #DIV/0! | H29: =360/H25 -> #DIV/0! | I29: =360/I25 -> #DIV/0!
B30: Duration of trade receveible | C30: DUR_REC | D30: 360/REC_TURN | E30: =360/E26 -> #DIV/0! | F30: =360/F26 -> #DIV/0! | G30: =360/G26 -> #DIV/0! | H30: =360/H26 -> #DIV/0! | I30: =360/I26 -> #DIV/0!
B31: Duration of account payble | C31: DUR_PAY | D31: 360/PAY_TURN | E31: =360/E27 -> #DIV/0! | F31: =360/F27 -> #DIV/0! | G31: =360/G27 -> #DIV/0! | H31: =360/H27 -> #DIV/0! | I31: =360/I27 -> #DIV/0!
B32: Duration of working cicle | C32: DUR_WORK | D32: DUR_INVENT+DUR_REC+DUR_PAY | E32: =E29+E30-E31 -> #DIV/0! | F32: =F29+F30-F31 -> #DIV/0! | G32: =G29+G30-G31 -> #DIV/0! | H32: =H29+H30-H31 -> #DIV/0! | I32: =SUM(I29:I31) -> #DIV/0!
B33: Duretion of operating cycle | C33: DUR_OPCYCLE | D33: (360/OP_ASSET_TURN | E33: =360/E29 -> #DIV/0! | F33: =360/F29 -> #DIV/0! | G33: =360/G29 -> #DIV/0! | H33: =360/H29 -> #DIV/0! | I33: =360/I29 -> #DIV/0!
A34: Indici di efficienza | B34: Staff incidence | C34: INC_STAFF | D34: SALARIES/TOT_OP_REV | E34: =M34/T34 -> #DIV/0! | F34: =N34/U34 -> #DIV/0! | G34: =O34/V34 -> #DIV/0! | H34: =P34/W34 -> #DIV/0! | I34: =Q34/X34 -> #DIV/0! | K34: 1060 | L34: =VLOOKUP($K34,Riclassificazioni!$A:$J,2) -> SALARIES | M34: =VLOOKUP($K34,Riclassificazioni!$A:$J,6) -> 0 | N34: =VLOOKUP($K34,Riclassificazioni!$A:$J,7) -> 0 | O34: =VLOOKUP($K34,Riclassificazioni!$A:$J,8) -> 0 | P34: =VLOOKUP($K34,Riclassificazioni!$A:$J,9) -> 0 | Q34: =VLOOKUP($K34,Riclassificazioni!$A:$J,10) -> 0 | R34: 1030 | S34: =VLOOKUP($R34,Riclassificazioni!$A:$J,2) -> TOT_OP_REV | T34: =VLOOKUP($R34,Riclassificazioni!$A:$J,6) -> 0 | U34: =VLOOKUP($R34,Riclassificazioni!$A:$J,7) -> 0 | V34: =VLOOKUP($R34,Riclassificazioni!$A:$J,8) -> 0 | W34: =VLOOKUP($R34,Riclassificazioni!$A:$J,9) -> 0 | X34: =VLOOKUP($R34,Riclassificazioni!$A:$J,10) -> 0
B35: Service incidence | C35: INC_SERV | D35: SERVICE/TOT_OP_REV | E35: =M35/T35 -> #DIV/0! | F35: =N35/U35 -> #DIV/0! | G35: =O35/V35 -> #DIV/0! | H35: =P35/W35 -> #DIV/0! | I35: =Q35/X35 -> #DIV/0! | K35: 1050 | L35: =VLOOKUP($K35,Riclassificazioni!$A:$J,2) -> SERVICES | M35: =VLOOKUP($K35,Riclassificazioni!$A:$J,6) -> 0 | N35: =VLOOKUP($K35,Riclassificazioni!$A:$J,7) -> 0 | O35: =VLOOKUP($K35,Riclassificazioni!$A:$J,8) -> 0 | P35: =VLOOKUP($K35,Riclassificazioni!$A:$J,9) -> 0 | Q35: =VLOOKUP($K35,Riclassificazioni!$A:$J,10) -> 0 | R35: 1030 | S35: =VLOOKUP($R35,Riclassificazioni!$A:$J,2) -> TOT_OP_REV | T35: =VLOOKUP($R35,Riclassificazioni!$A:$J,6) -> 0 | U35: =VLOOKUP($R35,Riclassificazioni!$A:$J,7) -> 0 | V35: =VLOOKUP($R35,Riclassificazioni!$A:$J,8) -> 0 | W35: =VLOOKUP($R35,Riclassificazioni!$A:$J,9) -> 0 | X35: =VLOOKUP($R35,Riclassificazioni!$A:$J,10) -> 0
B36: Goods incidence | C36: INC_GOOD | D36: GOODS/TOT_OP_REV | E36: =M36/T36 -> #DIV/0! | F36: =N36/U36 -> #DIV/0! | G36: =O36/V36 -> #DIV/0! | H36: =P36/W36 -> #DIV/0! | I36: =Q36/X36 -> #DIV/0! | K36: 1040 | L36: =VLOOKUP($K36,Riclassificazioni!$A:$J,2) -> GOODS | M36: =VLOOKUP($K36,Riclassificazioni!$A:$J,6) -> 0 | N36: =VLOOKUP($K36,Riclassificazioni!$A:$J,7) -> 0 | O36: =VLOOKUP($K36,Riclassificazioni!$A:$J,8) -> 0 | P36: =VLOOKUP($K36,Riclassificazioni!$A:$J,9) -> 0 | Q36: =VLOOKUP($K36,Riclassificazioni!$A:$J,10) -> 0 | R36: 1030 | S36: =VLOOKUP($R36,Riclassificazioni!$A:$J,2) -> TOT_OP_REV | T36: =VLOOKUP($R36,Riclassificazioni!$A:$J,6) -> 0 | U36: =VLOOKUP($R36,Riclassificazioni!$A:$J,7) -> 0 | V36: =VLOOKUP($R36,Riclassificazioni!$A:$J,8) -> 0 | W36: =VLOOKUP($R36,Riclassificazioni!$A:$J,9) -> 0 | X36: =VLOOKUP($R36,Riclassificazioni!$A:$J,10) -> 0
B37: EBITDA incidence | C37: INC_EBITDA | D37: EBITDA/TOT_OP_REV | E37: =M37/T37 -> #DIV/0! | F37: =N37/U37 -> #DIV/0! | G37: =O37/V37 -> #DIV/0! | H37: =P37/W37 -> #DIV/0! | I37: =Q37/X37 -> #DIV/0! | K37: 1090 | L37: =VLOOKUP($K37,Riclassificazioni!$A:$J,2) -> EBITDA | M37: =VLOOKUP($K37,Riclassificazioni!$A:$J,6) -> 0 | N37: =VLOOKUP($K37,Riclassificazioni!$A:$J,7) -> 0 | O37: =VLOOKUP($K37,Riclassificazioni!$A:$J,8) -> 0 | P37: =VLOOKUP($K37,Riclassificazioni!$A:$J,9) -> 0 | Q37: =VLOOKUP($K37,Riclassificazioni!$A:$J,10) -> 0 | R37: 1030 | S37: =VLOOKUP($R37,Riclassificazioni!$A:$J,2) -> TOT_OP_REV | T37: =VLOOKUP($R37,Riclassificazioni!$A:$J,6) -> 0 | U37: =VLOOKUP($R37,Riclassificazioni!$A:$J,7) -> 0 | V37: =VLOOKUP($R37,Riclassificazioni!$A:$J,8) -> 0 | W37: =VLOOKUP($R37,Riclassificazioni!$A:$J,9) -> 0 | X37: =VLOOKUP($R37,Riclassificazioni!$A:$J,10) -> 0
B38: Non financial costs incidence | C38: INC_NFCOST | D38: AMMDEPRO_COST/TOT_OP_REV | E38: =M38/T38 -> #DIV/0! | F38: =N38/U38 -> #DIV/0! | G38: =O38/V38 -> #DIV/0! | H38: =P38/W38 -> #DIV/0! | I38: =Q38/X38 -> #DIV/0! | K38: 1620 | L38: =VLOOKUP($K38,Riclassificazioni!$A:$J,2) -> AMMDEPRO_COST | M38: =VLOOKUP($K38,Riclassificazioni!$A:$J,6) -> 0 | N38: =VLOOKUP($K38,Riclassificazioni!$A:$J,7) -> 0 | O38: =VLOOKUP($K38,Riclassificazioni!$A:$J,8) -> 0 | P38: =VLOOKUP($K38,Riclassificazioni!$A:$J,9) -> 0 | Q38: =VLOOKUP($K38,Riclassificazioni!$A:$J,10) -> 0 | R38: 1030 | S38: =VLOOKUP($R38,Riclassificazioni!$A:$J,2) -> TOT_OP_REV | T38: =VLOOKUP($R38,Riclassificazioni!$A:$J,6) -> 0 | U38: =VLOOKUP($R38,Riclassificazioni!$A:$J,7) -> 0 | V38: =VLOOKUP($R38,Riclassificazioni!$A:$J,8) -> 0 | W38: =VLOOKUP($R38,Riclassificazioni!$A:$J,9) -> 0 | X38: =VLOOKUP($R38,Riclassificazioni!$A:$J,10) -> 0
B39: Costs of financial debt incidence | C39: INC_COSTDEBT | D39: FIN_EXP/TOT_OP_REV | E39: =M39/T39 -> #DIV/0! | F39: =N39/U39 -> #DIV/0! | G39: =O39/V39 -> #DIV/0! | H39: =P39/W39 -> #DIV/0! | I39: =Q39/X39 -> #DIV/0! | K39: 1170 | L39: =VLOOKUP($K39,Riclassificazioni!$A:$J,2) -> FIN_EXP | M39: =VLOOKUP($K39,Riclassificazioni!$A:$J,6) -> 0 | N39: =VLOOKUP($K39,Riclassificazioni!$A:$J,7) -> 0 | O39: =VLOOKUP($K39,Riclassificazioni!$A:$J,8) -> 0 | P39: =VLOOKUP($K39,Riclassificazioni!$A:$J,9) -> 0 | Q39: =VLOOKUP($K39,Riclassificazioni!$A:$J,10) -> 0 | R39: 1030 | S39: =VLOOKUP($R39,Riclassificazioni!$A:$J,2) -> TOT_OP_REV | T39: =VLOOKUP($R39,Riclassificazioni!$A:$J,6) -> 0 | U39: =VLOOKUP($R39,Riclassificazioni!$A:$J,7) -> 0 | V39: =VLOOKUP($R39,Riclassificazioni!$A:$J,8) -> 0 | W39: =VLOOKUP($R39,Riclassificazioni!$A:$J,9) -> 0 | X39: =VLOOKUP($R39,Riclassificazioni!$A:$J,10) -> 0
B40: Taxes incidence | C40: INC_TAXES | D40: INC_TAX/TOT_OP_REV | E40: =M40/T40 -> #DIV/0! | F40: =N40/U40 -> #DIV/0! | G40: =O40/V40 -> #DIV/0! | H40: =P40/W40 -> #DIV/0! | I40: =Q40/X40 -> #DIV/0! | K40: 1240 | L40: =VLOOKUP($K40,Riclassificazioni!$A:$J,2) -> INC_TAX | M40: =VLOOKUP($K40,Riclassificazioni!$A:$J,6) -> 0 | N40: =VLOOKUP($K40,Riclassificazioni!$A:$J,7) -> 0 | O40: =VLOOKUP($K40,Riclassificazioni!$A:$J,8) -> 0 | P40: =VLOOKUP($K40,Riclassificazioni!$A:$J,9) -> 0 | Q40: =VLOOKUP($K40,Riclassificazioni!$A:$J,10) -> 0 | R40: 1030 | S40: =VLOOKUP($R40,Riclassificazioni!$A:$J,2) -> TOT_OP_REV | T40: =VLOOKUP($R40,Riclassificazioni!$A:$J,6) -> 0 | U40: =VLOOKUP($R40,Riclassificazioni!$A:$J,7) -> 0 | V40: =VLOOKUP($R40,Riclassificazioni!$A:$J,8) -> 0 | W40: =VLOOKUP($R40,Riclassificazioni!$A:$J,9) -> 0 | X40: =VLOOKUP($R40,Riclassificazioni!$A:$J,10) -> 0
B41: Tax Rate | C41: TAXRATE | D41: INC_TAXE/NET_INC_BT | E41: =M41/T41 -> #DIV/0! | F41: =N41/U41 -> #DIV/0! | G41: =O41/V41 -> #DIV/0! | H41: =P41/W41 -> #DIV/0! | I41: =Q41/X41 -> #DIV/0! | K41: 1240 | L41: =VLOOKUP($K41,Riclassificazioni!$A:$J,2) -> INC_TAX | M41: =VLOOKUP($K41,Riclassificazioni!$A:$J,6) -> 0 | N41: =VLOOKUP($K41,Riclassificazioni!$A:$J,7) -> 0 | O41: =VLOOKUP($K41,Riclassificazioni!$A:$J,8) -> 0 | P41: =VLOOKUP($K41,Riclassificazioni!$A:$J,9) -> 0 | Q41: =VLOOKUP($K41,Riclassificazioni!$A:$J,10) -> 0 | R41: 1230 | S41: =VLOOKUP($R41,Riclassificazioni!$A:$J,2) -> NET_INC_BT | T41: =VLOOKUP($R41,Riclassificazioni!$A:$J,6) -> 0 | U41: =VLOOKUP($R41,Riclassificazioni!$A:$J,7) -> 0 | V41: =VLOOKUP($R41,Riclassificazioni!$A:$J,8) -> 0 | W41: =VLOOKUP($R41,Riclassificazioni!$A:$J,9) -> 0 | X41: =VLOOKUP($R41,Riclassificazioni!$A:$J,10) -> 0
A42: COST STRUCTURE | B42: Incidence of goods and materials | C42: PER_GOOD | D42: GOODS/TOT_EXP | E42: =M42/T42 -> #DIV/0! | F42: =N42/U42 -> #DIV/0! | G42: =O42/V42 -> #DIV/0! | H42: =P42/W42 -> #DIV/0! | I42: =Q42/X42 -> #DIV/0! | K42: 1040 | L42: =VLOOKUP($K42,Riclassificazioni!$A:$J,2) -> GOODS | M42: =VLOOKUP($K42,Riclassificazioni!$A:$J,6) -> 0 | N42: =VLOOKUP($K42,Riclassificazioni!$A:$J,7) -> 0 | O42: =VLOOKUP($K42,Riclassificazioni!$A:$J,8) -> 0 | P42: =VLOOKUP($K42,Riclassificazioni!$A:$J,9) -> 0 | Q42: =VLOOKUP($K42,Riclassificazioni!$A:$J,10) -> 0 | R42: 1580 | S42: =VLOOKUP($R42,Riclassificazioni!$A:$J,2) -> TOT_EXP | T42: =VLOOKUP($R42,Riclassificazioni!$A:$J,6) -> 0 | U42: =VLOOKUP($R42,Riclassificazioni!$A:$J,7) -> 0 | V42: =VLOOKUP($R42,Riclassificazioni!$A:$J,8) -> 0 | W42: =VLOOKUP($R42,Riclassificazioni!$A:$J,9) -> 0 | X42: =VLOOKUP($R42,Riclassificazioni!$A:$J,10) -> 0
B43: Incidence of operating service | C43: PER_SERV | D43: SERVICE/TOT_EXP | E43: =M43/T43 -> #DIV/0! | F43: =N43/U43 -> #DIV/0! | G43: =O43/V43 -> #DIV/0! | H43: =P43/W43 -> #DIV/0! | I43: =Q43/X43 -> #DIV/0! | K43: 1050 | L43: =VLOOKUP($K43,Riclassificazioni!$A:$J,2) -> SERVICES | M43: =VLOOKUP($K43,Riclassificazioni!$A:$J,6) -> 0 | N43: =VLOOKUP($K43,Riclassificazioni!$A:$J,7) -> 0 | O43: =VLOOKUP($K43,Riclassificazioni!$A:$J,8) -> 0 | P43: =VLOOKUP($K43,Riclassificazioni!$A:$J,9) -> 0 | Q43: =VLOOKUP($K43,Riclassificazioni!$A:$J,10) -> 0 | R43: 1580 | S43: =VLOOKUP($R43,Riclassificazioni!$A:$J,2) -> TOT_EXP | T43: =VLOOKUP($R43,Riclassificazioni!$A:$J,6) -> 0 | U43: =VLOOKUP($R43,Riclassificazioni!$A:$J,7) -> 0 | V43: =VLOOKUP($R43,Riclassificazioni!$A:$J,8) -> 0 | W43: =VLOOKUP($R43,Riclassificazioni!$A:$J,9) -> 0 | X43: =VLOOKUP($R43,Riclassificazioni!$A:$J,10) -> 0
B44: Incidence od Staff cost and salaries | C44: PER_STAFF | D44: SALARIES/TOT_EXP | E44: =M44/T44 -> #DIV/0! | F44: =N44/U44 -> #DIV/0! | G44: =O44/V44 -> #DIV/0! | H44: =P44/W44 -> #DIV/0! | I44: =Q44/X44 -> #DIV/0! | K44: 1060 | L44: =VLOOKUP($K44,Riclassificazioni!$A:$J,2) -> SALARIES | M44: =VLOOKUP($K44,Riclassificazioni!$A:$J,6) -> 0 | N44: =VLOOKUP($K44,Riclassificazioni!$A:$J,7) -> 0 | O44: =VLOOKUP($K44,Riclassificazioni!$A:$J,8) -> 0 | P44: =VLOOKUP($K44,Riclassificazioni!$A:$J,9) -> 0 | Q44: =VLOOKUP($K44,Riclassificazioni!$A:$J,10) -> 0 | R44: 1580 | S44: =VLOOKUP($R44,Riclassificazioni!$A:$J,2) -> TOT_EXP | T44: =VLOOKUP($R44,Riclassificazioni!$A:$J,6) -> 0 | U44: =VLOOKUP($R44,Riclassificazioni!$A:$J,7) -> 0 | V44: =VLOOKUP($R44,Riclassificazioni!$A:$J,8) -> 0 | W44: =VLOOKUP($R44,Riclassificazioni!$A:$J,9) -> 0 | X44: =VLOOKUP($R44,Riclassificazioni!$A:$J,10) -> 0
B45: Incidence Amortisation, depreciation and impairment | C45: PER_AMM | D45: AMMDEP_COST/TOT_EXP | E45: =M45/T45 -> #DIV/0! | F45: =N45/U45 -> #DIV/0! | G45: =O45/V45 -> #DIV/0! | H45: =P45/W45 -> #DIV/0! | I45: =Q45/X45 -> #DIV/0! | K45: 1610 | L45: =VLOOKUP($K45,Riclassificazioni!$A:$J,2) -> AMMDEP_COST | M45: =VLOOKUP($K45,Riclassificazioni!$A:$J,6) -> 0 | N45: =VLOOKUP($K45,Riclassificazioni!$A:$J,7) -> 0 | O45: =VLOOKUP($K45,Riclassificazioni!$A:$J,8) -> 0 | P45: =VLOOKUP($K45,Riclassificazioni!$A:$J,9) -> 0 | Q45: =VLOOKUP($K45,Riclassificazioni!$A:$J,10) -> 0 | R45: 1580 | S45: =VLOOKUP($R45,Riclassificazioni!$A:$J,2) -> TOT_EXP | T45: =VLOOKUP($R45,Riclassificazioni!$A:$J,6) -> 0 | U45: =VLOOKUP($R45,Riclassificazioni!$A:$J,7) -> 0 | V45: =VLOOKUP($R45,Riclassificazioni!$A:$J,8) -> 0 | W45: =VLOOKUP($R45,Riclassificazioni!$A:$J,9) -> 0 | X45: =VLOOKUP($R45,Riclassificazioni!$A:$J,10) -> 0
B46: Incidence of Provision | C46: PER_PROV | D46: ACC/TOT_EXP | E46: =M46/T46 -> #DIV/0! | F46: =N46/U46 -> #DIV/0! | G46: =O46/V46 -> #DIV/0! | H46: =P46/W46 -> #DIV/0! | I46: =Q46/X46 -> #DIV/0! | K46: 1130 | L46: =VLOOKUP($K46,Riclassificazioni!$A:$J,2) -> ACC | M46: =VLOOKUP($K46,Riclassificazioni!$A:$J,6) -> 0 | N46: =VLOOKUP($K46,Riclassificazioni!$A:$J,7) -> 0 | O46: =VLOOKUP($K46,Riclassificazioni!$A:$J,8) -> 0 | P46: =VLOOKUP($K46,Riclassificazioni!$A:$J,9) -> 0 | Q46: =VLOOKUP($K46,Riclassificazioni!$A:$J,10) -> 0 | R46: 1580 | S46: =VLOOKUP($R46,Riclassificazioni!$A:$J,2) -> TOT_EXP | T46: =VLOOKUP($R46,Riclassificazioni!$A:$J,6) -> 0 | U46: =VLOOKUP($R46,Riclassificazioni!$A:$J,7) -> 0 | V46: =VLOOKUP($R46,Riclassificazioni!$A:$J,8) -> 0 | W46: =VLOOKUP($R46,Riclassificazioni!$A:$J,9) -> 0 | X46: =VLOOKUP($R46,Riclassificazioni!$A:$J,10) -> 0
B47: incidence of financial cost | C47: PER_COSTDEB | D47: TOT_FIN_COST/TOT_EXP | E47: =M47/T47 -> #DIV/0! | F47: =N47/U47 -> #DIV/0! | G47: =O47/V47 -> #DIV/0! | H47: =P47/W47 -> #DIV/0! | I47: =Q47/X47 -> #DIV/0! | K47: 1630 | L47: =VLOOKUP($K47,Riclassificazioni!$A:$J,2) -> TOT_FIN_COST | M47: =VLOOKUP($K47,Riclassificazioni!$A:$J,6) -> 0 | N47: =VLOOKUP($K47,Riclassificazioni!$A:$J,7) -> 0 | O47: =VLOOKUP($K47,Riclassificazioni!$A:$J,8) -> 0 | P47: =VLOOKUP($K47,Riclassificazioni!$A:$J,9) -> 0 | Q47: =VLOOKUP($K47,Riclassificazioni!$A:$J,10) -> 0 | R47: 1580 | S47: =VLOOKUP($R47,Riclassificazioni!$A:$J,2) -> TOT_EXP | T47: =VLOOKUP($R47,Riclassificazioni!$A:$J,6) -> 0 | U47: =VLOOKUP($R47,Riclassificazioni!$A:$J,7) -> 0 | V47: =VLOOKUP($R47,Riclassificazioni!$A:$J,8) -> 0 | W47: =VLOOKUP($R47,Riclassificazioni!$A:$J,9) -> 0 | X47: =VLOOKUP($R47,Riclassificazioni!$A:$J,10) -> 0
B48: Incidence of taxes | C48: PER_TAXES | D48: INC_TAX/TOT_EXP | E48: =M48/T48 -> #DIV/0! | F48: =N48/U48 -> #DIV/0! | G48: =O48/V48 -> #DIV/0! | H48: =P48/W48 -> #DIV/0! | I48: =Q48/X48 -> #DIV/0! | K48: 1240 | L48: =VLOOKUP($K48,Riclassificazioni!$A:$J,2) -> INC_TAX | M48: =VLOOKUP($K48,Riclassificazioni!$A:$J,6) -> 0 | N48: =VLOOKUP($K48,Riclassificazioni!$A:$J,7) -> 0 | O48: =VLOOKUP($K48,Riclassificazioni!$A:$J,8) -> 0 | P48: =VLOOKUP($K48,Riclassificazioni!$A:$J,9) -> 0 | Q48: =VLOOKUP($K48,Riclassificazioni!$A:$J,10) -> 0 | R48: 1580 | S48: =VLOOKUP($R48,Riclassificazioni!$A:$J,2) -> TOT_EXP | T48: =VLOOKUP($R48,Riclassificazioni!$A:$J,6) -> 0 | U48: =VLOOKUP($R48,Riclassificazioni!$A:$J,7) -> 0 | V48: =VLOOKUP($R48,Riclassificazioni!$A:$J,8) -> 0 | W48: =VLOOKUP($R48,Riclassificazioni!$A:$J,9) -> 0 | X48: =VLOOKUP($R48,Riclassificazioni!$A:$J,10) -> 0
B49: Incidence of other costs | C49: PER_OTHER | D49: OTH_OP_COSTS/TOT_EXP | E49: =M49/T49 -> #DIV/0! | F49: =N49/U49 -> #DIV/0! | G49: =O49/V49 -> #DIV/0! | H49: =P49/W49 -> #DIV/0! | I49: =Q49/X49 -> #DIV/0! | K49: 1070 | L49: =VLOOKUP($K49,Riclassificazioni!$A:$J,2) -> OTH_OP_COSTS | M49: =VLOOKUP($K49,Riclassificazioni!$A:$J,6) -> 0 | N49: =VLOOKUP($K49,Riclassificazioni!$A:$J,7) -> 0 | O49: =VLOOKUP($K49,Riclassificazioni!$A:$J,8) -> 0 | P49: =VLOOKUP($K49,Riclassificazioni!$A:$J,9) -> 0 | Q49: =VLOOKUP($K49,Riclassificazioni!$A:$J,10) -> 0 | R49: 1580 | S49: =VLOOKUP($R49,Riclassificazioni!$A:$J,2) -> TOT_EXP | T49: =VLOOKUP($R49,Riclassificazioni!$A:$J,6) -> 0 | U49: =VLOOKUP($R49,Riclassificazioni!$A:$J,7) -> 0 | V49: =VLOOKUP($R49,Riclassificazioni!$A:$J,8) -> 0 | W49: =VLOOKUP($R49,Riclassificazioni!$A:$J,9) -> 0 | X49: =VLOOKUP($R49,Riclassificazioni!$A:$J,10) -> 0
A50: Indici di correlazione | B50: Cash Ratio | C50: CASH_RAT | D50: CASH_AND_EQ/TOT_CURR_LIAB | E50: =M50/T50 -> #DIV/0! | F50: =N50/U50 -> #DIV/0! | G50: =O50/V50 -> #DIV/0! | H50: =P50/W50 -> #DIV/0! | I50: =Q50/X50 -> #DIV/0! | K50: 550 | L50: =VLOOKUP($K50,Riclassificazioni!$A:$J,2) -> CASH_AND_EQ | M50: =VLOOKUP($K50,Riclassificazioni!$A:$J,6) -> 0 | N50: =VLOOKUP($K50,Riclassificazioni!$A:$J,7) -> 0 | O50: =VLOOKUP($K50,Riclassificazioni!$A:$J,8) -> 0 | P50: =VLOOKUP($K50,Riclassificazioni!$A:$J,9) -> 0 | Q50: =VLOOKUP($K50,Riclassificazioni!$A:$J,10) -> 0 | R50: 870 | S50: =VLOOKUP($R50,Riclassificazioni!$A:$J,2) -> TOT_CURR_LIAB | T50: =VLOOKUP($R50,Riclassificazioni!$A:$J,6) -> 0 | U50: =VLOOKUP($R50,Riclassificazioni!$A:$J,7) -> 0 | V50: =VLOOKUP($R50,Riclassificazioni!$A:$J,8) -> 0 | W50: =VLOOKUP($R50,Riclassificazioni!$A:$J,9) -> 0 | X50: =VLOOKUP($R50,Riclassificazioni!$A:$J,10) -> 0
B51: Current Ratio | C51: CU_RAT | D51: TOT_CURR_AS/TOT_CURR_LIAB | E51: =M51/T51 -> #DIV/0! | F51: =N51/U51 -> #DIV/0! | G51: =O51/V51 -> #DIV/0! | H51: =P51/W51 -> #DIV/0! | I51: =Q51/X51 -> #DIV/0! | K51: 580 | L51: =VLOOKUP($K51,Riclassificazioni!$A:$J,2) -> TOT_CURR_AS | M51: =VLOOKUP($K51,Riclassificazioni!$A:$J,6) -> 0 | N51: =VLOOKUP($K51,Riclassificazioni!$A:$J,7) -> 0 | O51: =VLOOKUP($K51,Riclassificazioni!$A:$J,8) -> 0 | P51: =VLOOKUP($K51,Riclassificazioni!$A:$J,9) -> 0 | Q51: =VLOOKUP($K51,Riclassificazioni!$A:$J,10) -> 0 | R51: 870 | S51: =VLOOKUP($R51,Riclassificazioni!$A:$J,2) -> TOT_CURR_LIAB | T51: =VLOOKUP($R51,Riclassificazioni!$A:$J,6) -> 0 | U51: =VLOOKUP($R51,Riclassificazioni!$A:$J,7) -> 0 | V51: =VLOOKUP($R51,Riclassificazioni!$A:$J,8) -> 0 | W51: =VLOOKUP($R51,Riclassificazioni!$A:$J,9) -> 0 | X51: =VLOOKUP($R51,Riclassificazioni!$A:$J,10) -> 0
B52: Quick Ratio | C52: QU_RAT | D52: CURRAS_NETINV/TOT_CURR_LIAB | E52: =M52/T52 -> #DIV/0! | F52: =N52/U52 -> #DIV/0! | G52: =O52/V52 -> #DIV/0! | H52: =P52/W52 -> #DIV/0! | I52: =Q52/X52 -> #DIV/0! | K52: 1500 | L52: =VLOOKUP($K52,Riclassificazioni!$A:$J,2) -> CURRAS_NETINV | M52: =VLOOKUP($K52,Riclassificazioni!$A:$J,6) -> 0 | N52: =VLOOKUP($K52,Riclassificazioni!$A:$J,7) -> 0 | O52: =VLOOKUP($K52,Riclassificazioni!$A:$J,8) -> 0 | P52: =VLOOKUP($K52,Riclassificazioni!$A:$J,9) -> 0 | Q52: =VLOOKUP($K52,Riclassificazioni!$A:$J,10) -> 0 | R52: 870 | S52: =VLOOKUP($R52,Riclassificazioni!$A:$J,2) -> TOT_CURR_LIAB | T52: =VLOOKUP($R52,Riclassificazioni!$A:$J,6) -> 0 | U52: =VLOOKUP($R52,Riclassificazioni!$A:$J,7) -> 0 | V52: =VLOOKUP($R52,Riclassificazioni!$A:$J,8) -> 0 | W52: =VLOOKUP($R52,Riclassificazioni!$A:$J,9) -> 0 | X52: =VLOOKUP($R52,Riclassificazioni!$A:$J,10) -> 0
B53: Financial Structure Margin | C53: FIN_MAR | D53: EQ_SHAREQ-TOT_N_CURR_AS | E53: =M53-T53 -> 0 | F53: =N53-U53 -> 0 | G53: =O53-V53 -> 0 | H53: =P53-W53 -> 0 | I53: =Q53-X53 -> 0 | K53: 680 | L53: =VLOOKUP($K53,Riclassificazioni!$A:$J,2) -> EQ_SHARE | M53: =VLOOKUP($K53,Riclassificazioni!$A:$J,6) -> 0 | N53: =VLOOKUP($K53,Riclassificazioni!$A:$J,7) -> 0 | O53: =VLOOKUP($K53,Riclassificazioni!$A:$J,8) -> 0 | P53: =VLOOKUP($K53,Riclassificazioni!$A:$J,9) -> 0 | Q53: =VLOOKUP($K53,Riclassificazioni!$A:$J,10) -> 0 | R53: 500 | S53: =VLOOKUP($R53,Riclassificazioni!$A:$J,2) -> TOT_N_CURR_AS | T53: =VLOOKUP($R53,Riclassificazioni!$A:$J,6) -> 0 | U53: =VLOOKUP($R53,Riclassificazioni!$A:$J,7) -> 0 | V53: =VLOOKUP($R53,Riclassificazioni!$A:$J,8) -> 0 | W53: =VLOOKUP($R53,Riclassificazioni!$A:$J,9) -> 0 | X53: =VLOOKUP($R53,Riclassificazioni!$A:$J,10) -> 0
B54: Open Financial Structure Margin | C54: OPFIN_MAR | D54: CAP_CONS-TOT_N_CURR_AS | E54: =M54-T54 -> 0 | F54: =N54-U54 -> 0 | G54: =O54-V54 -> 0 | H54: =P54-W54 -> 0 | I54: =Q54-X54 -> 0 | K54: 1530 | L54: =VLOOKUP($K54,Riclassificazioni!$A:$J,2) -> CAP_CONS | M54: =VLOOKUP($K54,Riclassificazioni!$A:$J,6) -> 0 | N54: =VLOOKUP($K54,Riclassificazioni!$A:$J,7) -> 0 | O54: =VLOOKUP($K54,Riclassificazioni!$A:$J,8) -> 0 | P54: =VLOOKUP($K54,Riclassificazioni!$A:$J,9) -> 0 | Q54: =VLOOKUP($K54,Riclassificazioni!$A:$J,10) -> 0 | R54: 500 | S54: =VLOOKUP($R54,Riclassificazioni!$A:$J,2) -> TOT_N_CURR_AS | T54: =VLOOKUP($R54,Riclassificazioni!$A:$J,6) -> 0 | U54: =VLOOKUP($R54,Riclassificazioni!$A:$J,7) -> 0 | V54: =VLOOKUP($R54,Riclassificazioni!$A:$J,8) -> 0 | W54: =VLOOKUP($R54,Riclassificazioni!$A:$J,9) -> 0 | X54: =VLOOKUP($R54,Riclassificazioni!$A:$J,10) -> 0
B55: Tresury Margin | C55: TRE_MAR | D55: CURRAS_NETINV-TOT_CURR_LIAB | E55: =M55-T55 -> 0 | F55: =N55-U55 -> 0 | G55: =O55-V55 -> 0 | H55: =P55-W55 -> 0 | I55: =Q55-X55 -> 0 | K55: 1500 | L55: =VLOOKUP($K55,Riclassificazioni!$A:$J,2) -> CURRAS_NETINV | M55: =VLOOKUP($K55,Riclassificazioni!$A:$J,6) -> 0 | N55: =VLOOKUP($K55,Riclassificazioni!$A:$J,7) -> 0 | O55: =VLOOKUP($K55,Riclassificazioni!$A:$J,8) -> 0 | P55: =VLOOKUP($K55,Riclassificazioni!$A:$J,9) -> 0 | Q55: =VLOOKUP($K55,Riclassificazioni!$A:$J,10) -> 0 | R55: 870 | S55: =VLOOKUP($R55,Riclassificazioni!$A:$J,2) -> TOT_CURR_LIAB | T55: =VLOOKUP($R55,Riclassificazioni!$A:$J,6) -> 0 | U55: =VLOOKUP($R55,Riclassificazioni!$A:$J,7) -> 0 | V55: =VLOOKUP($R55,Riclassificazioni!$A:$J,8) -> 0 | W55: =VLOOKUP($R55,Riclassificazioni!$A:$J,9) -> 0 | X55: =VLOOKUP($R55,Riclassificazioni!$A:$J,10) -> 0
B56: Net financial position | C56: NET_FINPOS | D56: FIN_ASSET-FIN_DEB | E56: =M56-T56 -> 0 | F56: =N56-U56 -> 0 | G56: =O56-V56 -> 0 | H56: =P56-W56 -> 0 | I56: =Q56-X56 -> 0 | K56: 1490 | L56: =VLOOKUP($K56,Riclassificazioni!$A:$J,2) -> FIN_ASSET | M56: =VLOOKUP($K56,Riclassificazioni!$A:$J,6) -> 0 | N56: =VLOOKUP($K56,Riclassificazioni!$A:$J,7) -> 0 | O56: =VLOOKUP($K56,Riclassificazioni!$A:$J,8) -> 0 | P56: =VLOOKUP($K56,Riclassificazioni!$A:$J,9) -> 0 | Q56: =VLOOKUP($K56,Riclassificazioni!$A:$J,10) -> 0 | R56: 1550 | S56: =VLOOKUP($R56,Riclassificazioni!$A:$J,2) -> FIN_DEB | T56: =VLOOKUP($R56,Riclassificazioni!$A:$J,6) -> 0 | U56: =VLOOKUP($R56,Riclassificazioni!$A:$J,7) -> 0 | V56: =VLOOKUP($R56,Riclassificazioni!$A:$J,8) -> 0 | W56: =VLOOKUP($R56,Riclassificazioni!$A:$J,9) -> 0 | X56: =VLOOKUP($R56,Riclassificazioni!$A:$J,10) -> 0
B57: Net Working Capital | C57: NWC_MAR | D57: WORK_ASSET-WORKLIAB | E57: =M57-T57 -> 0 | F57: =N57-U57 -> 0 | G57: =O57-V57 -> 0 | H57: =P57-W57 -> 0 | I57: =Q57-X57 -> 0 | K57: 1480 | L57: =VLOOKUP($K57,Riclassificazioni!$A:$J,2) -> WORK_ASSET | M57: =VLOOKUP($K57,Riclassificazioni!$A:$J,6) -> 0 | N57: =VLOOKUP($K57,Riclassificazioni!$A:$J,7) -> 0 | O57: =VLOOKUP($K57,Riclassificazioni!$A:$J,8) -> 0 | P57: =VLOOKUP($K57,Riclassificazioni!$A:$J,9) -> 0 | Q57: =VLOOKUP($K57,Riclassificazioni!$A:$J,10) -> 0 | R57: 1540 | S57: =VLOOKUP($R57,Riclassificazioni!$A:$J,2) -> WORKLIAB | T57: =VLOOKUP($R57,Riclassificazioni!$A:$J,6) -> 0 | U57: =VLOOKUP($R57,Riclassificazioni!$A:$J,7) -> 0 | V57: =VLOOKUP($R57,Riclassificazioni!$A:$J,8) -> 0 | W57: =VLOOKUP($R57,Riclassificazioni!$A:$J,9) -> 0 | X57: =VLOOKUP($R57,Riclassificazioni!$A:$J,10) -> 0
B58: Fixed assets coveragre index | C58: COVER_FIXASS | D58: EQ_SHARE/TOT_N_CURR_AS | E58: =M58/T58 -> #DIV/0! | F58: =N58/U58 -> #DIV/0! | G58: =O58/V58 -> #DIV/0! | H58: =P58/W58 -> #DIV/0! | I58: =Q58/X58 -> #DIV/0! | K58: 680 | L58: =VLOOKUP($K58,Riclassificazioni!$A:$J,2) -> EQ_SHARE | M58: =VLOOKUP($K58,Riclassificazioni!$A:$J,6) -> 0 | N58: =VLOOKUP($K58,Riclassificazioni!$A:$J,7) -> 0 | O58: =VLOOKUP($K58,Riclassificazioni!$A:$J,8) -> 0 | P58: =VLOOKUP($K58,Riclassificazioni!$A:$J,9) -> 0 | Q58: =VLOOKUP($K58,Riclassificazioni!$A:$J,10) -> 0 | R58: 500 | S58: =VLOOKUP($R58,Riclassificazioni!$A:$J,2) -> TOT_N_CURR_AS | T58: =VLOOKUP($R58,Riclassificazioni!$A:$J,6) -> 0 | U58: =VLOOKUP($R58,Riclassificazioni!$A:$J,7) -> 0 | V58: =VLOOKUP($R58,Riclassificazioni!$A:$J,8) -> 0 | W58: =VLOOKUP($R58,Riclassificazioni!$A:$J,9) -> 0 | X58: =VLOOKUP($R58,Riclassificazioni!$A:$J,10) -> 0
A59: Indici di incidenza delle fonti di finanziamento | B59: Incidence of operating liabilities | C59: INC_OPLIAB | D59: OP_LIAB/TOT_EQT_LIAB | E59: =M59/T59 -> #DIV/0! | F59: =N59/U59 -> #DIV/0! | G59: =O59/V59 -> #DIV/0! | H59: =P59/W59 -> #DIV/0! | I59: =Q59/X59 -> #DIV/0! | K59: 1450 | L59: =VLOOKUP($K59,Riclassificazioni!$A:$J,2) -> OP_LIAB | M59: =VLOOKUP($K59,Riclassificazioni!$A:$J,6) -> 0 | N59: =VLOOKUP($K59,Riclassificazioni!$A:$J,7) -> 0 | O59: =VLOOKUP($K59,Riclassificazioni!$A:$J,8) -> 0 | P59: =VLOOKUP($K59,Riclassificazioni!$A:$J,9) -> 0 | Q59: =VLOOKUP($K59,Riclassificazioni!$A:$J,10) -> 0 | R59: 900 | S59: =VLOOKUP($R59,Riclassificazioni!$A:$J,2) -> TOT_EQT_LIAB | T59: =VLOOKUP($R59,Riclassificazioni!$A:$J,6) -> 0 | U59: =VLOOKUP($R59,Riclassificazioni!$A:$J,7) -> 0 | V59: =VLOOKUP($R59,Riclassificazioni!$A:$J,8) -> 0 | W59: =VLOOKUP($R59,Riclassificazioni!$A:$J,9) -> 0 | X59: =VLOOKUP($R59,Riclassificazioni!$A:$J,10) -> 0
B60: Incidence of financial liabilities | C60: INC_FDEBT | D60: FIN_DEB/TOT_EQT_LIAB | E60: =M60/T60 -> #DIV/0! | F60: =N60/U60 -> #DIV/0! | G60: =O60/V60 -> #DIV/0! | H60: =P60/W60 -> #DIV/0! | I60: =Q60/X60 -> #DIV/0! | K60: 1550 | L60: =VLOOKUP($K60,Riclassificazioni!$A:$J,2) -> FIN_DEB | M60: =VLOOKUP($K60,Riclassificazioni!$A:$J,6) -> 0 | N60: =VLOOKUP($K60,Riclassificazioni!$A:$J,7) -> 0 | O60: =VLOOKUP($K60,Riclassificazioni!$A:$J,8) -> 0 | P60: =VLOOKUP($K60,Riclassificazioni!$A:$J,9) -> 0 | Q60: =VLOOKUP($K60,Riclassificazioni!$A:$J,10) -> 0 | R60: 900 | S60: =VLOOKUP($R60,Riclassificazioni!$A:$J,2) -> TOT_EQT_LIAB | T60: =VLOOKUP($R60,Riclassificazioni!$A:$J,6) -> 0 | U60: =VLOOKUP($R60,Riclassificazioni!$A:$J,7) -> 0 | V60: =VLOOKUP($R60,Riclassificazioni!$A:$J,8) -> 0 | W60: =VLOOKUP($R60,Riclassificazioni!$A:$J,9) -> 0 | X60: =VLOOKUP($R60,Riclassificazioni!$A:$J,10) -> 0
B61: Incidence of non current liabilities | C61: INC_NCULIAB | D61: TOT_NO_CURR_LIAB/TOT_EQT_LIAB | E61: =M61/T61 -> #DIV/0! | F61: =N61/U61 -> #DIV/0! | G61: =O61/V61 -> #DIV/0! | H61: =P61/W61 -> #DIV/0! | I61: =Q61/X61 -> #DIV/0! | K61: 790 | L61: =VLOOKUP($K61,Riclassificazioni!$A:$J,2) -> TOT_N_CURR_LIAB | M61: =VLOOKUP($K61,Riclassificazioni!$A:$J,6) -> 0 | N61: =VLOOKUP($K61,Riclassificazioni!$A:$J,7) -> 0 | O61: =VLOOKUP($K61,Riclassificazioni!$A:$J,8) -> 0 | P61: =VLOOKUP($K61,Riclassificazioni!$A:$J,9) -> 0 | Q61: =VLOOKUP($K61,Riclassificazioni!$A:$J,10) -> 0 | R61: 900 | S61: =VLOOKUP($R61,Riclassificazioni!$A:$J,2) -> TOT_EQT_LIAB | T61: =VLOOKUP($R61,Riclassificazioni!$A:$J,6) -> 0 | U61: =VLOOKUP($R61,Riclassificazioni!$A:$J,7) -> 0 | V61: =VLOOKUP($R61,Riclassificazioni!$A:$J,8) -> 0 | W61: =VLOOKUP($R61,Riclassificazioni!$A:$J,9) -> 0 | X61: =VLOOKUP($R61,Riclassificazioni!$A:$J,10) -> 0
B62: Incidence of provision | C62: INC_PROV | D62: TOT_PROVISION/TOT_EQT_LIAB | E62: =M62/T62 -> #DIV/0! | F62: =N62/U62 -> #DIV/0! | G62: =O62/V62 -> #DIV/0! | H62: =P62/W62 -> #DIV/0! | I62: =Q62/X62 -> #DIV/0! | K62: 1560 | L62: =VLOOKUP($K62,Riclassificazioni!$A:$J,2) -> TOT_PROVISION | M62: =VLOOKUP($K62,Riclassificazioni!$A:$J,6) -> 0 | N62: =VLOOKUP($K62,Riclassificazioni!$A:$J,7) -> 0 | O62: =VLOOKUP($K62,Riclassificazioni!$A:$J,8) -> 0 | P62: =VLOOKUP($K62,Riclassificazioni!$A:$J,9) -> 0 | Q62: =VLOOKUP($K62,Riclassificazioni!$A:$J,10) -> 0 | R62: 900 | S62: =VLOOKUP($R62,Riclassificazioni!$A:$J,2) -> TOT_EQT_LIAB | T62: =VLOOKUP($R62,Riclassificazioni!$A:$J,6) -> 0 | U62: =VLOOKUP($R62,Riclassificazioni!$A:$J,7) -> 0 | V62: =VLOOKUP($R62,Riclassificazioni!$A:$J,8) -> 0 | W62: =VLOOKUP($R62,Riclassificazioni!$A:$J,9) -> 0 | X62: =VLOOKUP($R62,Riclassificazioni!$A:$J,10) -> 0
B63: structrure of liabilities | C63: STRUCT_LIAB | D63: TOT_CURR_LIAB/TOT_NO_CURR_LIAB | E63: =M63/T63 -> #DIV/0! | F63: =N63/U63 -> #DIV/0! | G63: =O63/V63 -> #DIV/0! | H63: =P63/W63 -> #DIV/0! | I63: =Q63/X63 -> #DIV/0! | K63: 870 | L63: =VLOOKUP($K63,Riclassificazioni!$A:$J,2) -> TOT_CURR_LIAB | M63: =VLOOKUP($K63,Riclassificazioni!$A:$J,6) -> 0 | N63: =VLOOKUP($K63,Riclassificazioni!$A:$J,7) -> 0 | O63: =VLOOKUP($K63,Riclassificazioni!$A:$J,8) -> 0 | P63: =VLOOKUP($K63,Riclassificazioni!$A:$J,9) -> 0 | Q63: =VLOOKUP($K63,Riclassificazioni!$A:$J,10) -> 0 | R63: 790 | S63: =VLOOKUP($R63,Riclassificazioni!$A:$J,2) -> TOT_N_CURR_LIAB | T63: =VLOOKUP($R63,Riclassificazioni!$A:$J,6) -> 0 | U63: =VLOOKUP($R63,Riclassificazioni!$A:$J,7) -> 0 | V63: =VLOOKUP($R63,Riclassificazioni!$A:$J,8) -> 0 | W63: =VLOOKUP($R63,Riclassificazioni!$A:$J,9) -> 0 | X63: =VLOOKUP($R63,Riclassificazioni!$A:$J,10) -> 0
A64: Indici di composizione del capitale investito | B64: incidence of liquidity | C64: INC_LIQU | D64: CASH_AND_EQ/TOT_ASSET | E64: =M64/T64 -> #DIV/0! | F64: =N64/U64 -> #DIV/0! | G64: =O64/V64 -> #DIV/0! | H64: =P64/W64 -> #DIV/0! | I64: =Q64/X64 -> #DIV/0! | K64: 550 | L64: =VLOOKUP($K64,Riclassificazioni!$A:$J,2) -> CASH_AND_EQ | M64: =VLOOKUP($K64,Riclassificazioni!$A:$J,6) -> 0 | N64: =VLOOKUP($K64,Riclassificazioni!$A:$J,7) -> 0 | O64: =VLOOKUP($K64,Riclassificazioni!$A:$J,8) -> 0 | P64: =VLOOKUP($K64,Riclassificazioni!$A:$J,9) -> 0 | Q64: =VLOOKUP($K64,Riclassificazioni!$A:$J,10) -> 0 | R64: 610 | S64: =VLOOKUP($R64,Riclassificazioni!$A:$J,2) -> TOT_ASSET | T64: =VLOOKUP($R64,Riclassificazioni!$A:$J,6) -> 0 | U64: =VLOOKUP($R64,Riclassificazioni!$A:$J,7) -> 0 | V64: =VLOOKUP($R64,Riclassificazioni!$A:$J,8) -> 0 | W64: =VLOOKUP($R64,Riclassificazioni!$A:$J,9) -> 0 | X64: =VLOOKUP($R64,Riclassificazioni!$A:$J,10) -> 0
B65: Incidence of inventories | C65: INC_INV | D65: INVENTORIES/TOT_ASSET | E65: =M65/T65 -> #DIV/0! | F65: =N65/U65 -> #DIV/0! | G65: =O65/V65 -> #DIV/0! | H65: =P65/W65 -> #DIV/0! | I65: =Q65/X65 -> #DIV/0! | K65: 520 | L65: =VLOOKUP($K65,Riclassificazioni!$A:$J,2) -> INVENTORIES | M65: =VLOOKUP($K65,Riclassificazioni!$A:$J,6) -> 0 | N65: =VLOOKUP($K65,Riclassificazioni!$A:$J,7) -> 0 | O65: =VLOOKUP($K65,Riclassificazioni!$A:$J,8) -> 0 | P65: =VLOOKUP($K65,Riclassificazioni!$A:$J,9) -> 0 | Q65: =VLOOKUP($K65,Riclassificazioni!$A:$J,10) -> 0 | R65: 610 | S65: =VLOOKUP($R65,Riclassificazioni!$A:$J,2) -> TOT_ASSET | T65: =VLOOKUP($R65,Riclassificazioni!$A:$J,6) -> 0 | U65: =VLOOKUP($R65,Riclassificazioni!$A:$J,7) -> 0 | V65: =VLOOKUP($R65,Riclassificazioni!$A:$J,8) -> 0 | W65: =VLOOKUP($R65,Riclassificazioni!$A:$J,9) -> 0 | X65: =VLOOKUP($R65,Riclassificazioni!$A:$J,10) -> 0
B66: incidence of current assets | C66: INC_CUASSET | D66: TOT_CURR_AS/TOT_ASSET | E66: =M66/T66 -> #DIV/0! | F66: =N66/U66 -> #DIV/0! | G66: =O66/V66 -> #DIV/0! | H66: =P66/W66 -> #DIV/0! | I66: =Q66/X66 -> #DIV/0! | K66: 580 | L66: =VLOOKUP($K66,Riclassificazioni!$A:$J,2) -> TOT_CURR_AS | M66: =VLOOKUP($K66,Riclassificazioni!$A:$J,6) -> 0 | N66: =VLOOKUP($K66,Riclassificazioni!$A:$J,7) -> 0 | O66: =VLOOKUP($K66,Riclassificazioni!$A:$J,8) -> 0 | P66: =VLOOKUP($K66,Riclassificazioni!$A:$J,9) -> 0 | Q66: =VLOOKUP($K66,Riclassificazioni!$A:$J,10) -> 0 | R66: 610 | S66: =VLOOKUP($R66,Riclassificazioni!$A:$J,2) -> TOT_ASSET | T66: =VLOOKUP($R66,Riclassificazioni!$A:$J,6) -> 0 | U66: =VLOOKUP($R66,Riclassificazioni!$A:$J,7) -> 0 | V66: =VLOOKUP($R66,Riclassificazioni!$A:$J,8) -> 0 | W66: =VLOOKUP($R66,Riclassificazioni!$A:$J,9) -> 0 | X66: =VLOOKUP($R66,Riclassificazioni!$A:$J,10) -> 0
B67: incidence of non current assets | C67: INC_NCUASSET | D67: TOT_N_CURR_AS/TOT_ASSET | E67: =M67/T67 -> #DIV/0! | F67: =N67/U67 -> #DIV/0! | G67: =O67/V67 -> #DIV/0! | H67: =P67/W67 -> #DIV/0! | I67: =Q67/X67 -> #DIV/0! | K67: 500 | L67: =VLOOKUP($K67,Riclassificazioni!$A:$J,2) -> TOT_N_CURR_AS | M67: =VLOOKUP($K67,Riclassificazioni!$A:$J,6) -> 0 | N67: =VLOOKUP($K67,Riclassificazioni!$A:$J,7) -> 0 | O67: =VLOOKUP($K67,Riclassificazioni!$A:$J,8) -> 0 | P67: =VLOOKUP($K67,Riclassificazioni!$A:$J,9) -> 0 | Q67: =VLOOKUP($K67,Riclassificazioni!$A:$J,10) -> 0 | R67: 610 | S67: =VLOOKUP($R67,Riclassificazioni!$A:$J,2) -> TOT_ASSET | T67: =VLOOKUP($R67,Riclassificazioni!$A:$J,6) -> 0 | U67: =VLOOKUP($R67,Riclassificazioni!$A:$J,7) -> 0 | V67: =VLOOKUP($R67,Riclassificazioni!$A:$J,8) -> 0 | W67: =VLOOKUP($R67,Riclassificazioni!$A:$J,9) -> 0 | X67: =VLOOKUP($R67,Riclassificazioni!$A:$J,10) -> 0
B68: incidence of intangibles | C68: INC_INTANG | D68: INTAN/TOT_ASSET | E68: =M68/T68 -> #DIV/0! | F68: =N68/U68 -> #DIV/0! | G68: =O68/V68 -> #DIV/0! | H68: =P68/W68 -> #DIV/0! | I68: =Q68/X68 -> #DIV/0! | K68: 1520 | L68: =VLOOKUP($K68,Riclassificazioni!$A:$J,2) -> INTAN | M68: =VLOOKUP($K68,Riclassificazioni!$A:$J,6) -> 0 | N68: =VLOOKUP($K68,Riclassificazioni!$A:$J,7) -> 0 | O68: =VLOOKUP($K68,Riclassificazioni!$A:$J,8) -> 0 | P68: =VLOOKUP($K68,Riclassificazioni!$A:$J,9) -> 0 | Q68: =VLOOKUP($K68,Riclassificazioni!$A:$J,10) -> 0 | R68: 610 | S68: =VLOOKUP($R68,Riclassificazioni!$A:$J,2) -> TOT_ASSET | T68: =VLOOKUP($R68,Riclassificazioni!$A:$J,6) -> 0 | U68: =VLOOKUP($R68,Riclassificazioni!$A:$J,7) -> 0 | V68: =VLOOKUP($R68,Riclassificazioni!$A:$J,8) -> 0 | W68: =VLOOKUP($R68,Riclassificazioni!$A:$J,9) -> 0 | X68: =VLOOKUP($R68,Riclassificazioni!$A:$J,10) -> 0
B69: incidence of tangible | C69: INC_TANG | D69: PR_PL_EQ/TOT_ASSET | E69: =M69/T69 -> #DIV/0! | F69: =N69/U69 -> #DIV/0! | G69: =O69/V69 -> #DIV/0! | H69: =P69/W69 -> #DIV/0! | I69: =Q69/X69 -> #DIV/0! | K69: 420 | L69: =VLOOKUP($K69,Riclassificazioni!$A:$J,2) -> PR_PL_EQ | M69: =VLOOKUP($K69,Riclassificazioni!$A:$J,6) -> 0 | N69: =VLOOKUP($K69,Riclassificazioni!$A:$J,7) -> 0 | O69: =VLOOKUP($K69,Riclassificazioni!$A:$J,8) -> 0 | P69: =VLOOKUP($K69,Riclassificazioni!$A:$J,9) -> 0 | Q69: =VLOOKUP($K69,Riclassificazioni!$A:$J,10) -> 0 | R69: 610 | S69: =VLOOKUP($R69,Riclassificazioni!$A:$J,2) -> TOT_ASSET | T69: =VLOOKUP($R69,Riclassificazioni!$A:$J,6) -> 0 | U69: =VLOOKUP($R69,Riclassificazioni!$A:$J,7) -> 0 | V69: =VLOOKUP($R69,Riclassificazioni!$A:$J,8) -> 0 | W69: =VLOOKUP($R69,Riclassificazioni!$A:$J,9) -> 0 | X69: =VLOOKUP($R69,Riclassificazioni!$A:$J,10) -> 0
B70: Incidence of financial assets | C70: INC_FINASS | D70: FIN_ASSET/TOT_ASSET | E70: =M70/T70 -> #DIV/0! | F70: =N70/U70 -> #DIV/0! | G70: =O70/V70 -> #DIV/0! | H70: =P70/W70 -> #DIV/0! | I70: =Q70/X70 -> #DIV/0! | K70: 1490 | L70: =VLOOKUP($K70,Riclassificazioni!$A:$J,2) -> FIN_ASSET | M70: =VLOOKUP($K70,Riclassificazioni!$A:$J,6) -> 0 | N70: =VLOOKUP($K70,Riclassificazioni!$A:$J,7) -> 0 | O70: =VLOOKUP($K70,Riclassificazioni!$A:$J,8) -> 0 | P70: =VLOOKUP($K70,Riclassificazioni!$A:$J,9) -> 0 | Q70: =VLOOKUP($K70,Riclassificazioni!$A:$J,10) -> 0 | R70: 610 | S70: =VLOOKUP($R70,Riclassificazioni!$A:$J,2) -> TOT_ASSET | T70: =VLOOKUP($R70,Riclassificazioni!$A:$J,6) -> 0 | U70: =VLOOKUP($R70,Riclassificazioni!$A:$J,7) -> 0 | V70: =VLOOKUP($R70,Riclassificazioni!$A:$J,8) -> 0 | W70: =VLOOKUP($R70,Riclassificazioni!$A:$J,9) -> 0 | X70: =VLOOKUP($R70,Riclassificazioni!$A:$J,10) -> 0
B71: Structure of assets | C71: STRU_ASS | D71: TOT_CURR_AS/TOT_N_CURR_AS | E71: =M71/T71 -> #DIV/0! | F71: =N71/U71 -> #DIV/0! | G71: =O71/V71 -> #DIV/0! | H71: =P71/W71 -> #DIV/0! | I71: =Q71/X71 -> #DIV/0! | K71: 580 | L71: =VLOOKUP($K71,Riclassificazioni!$A:$J,2) -> TOT_CURR_AS | M71: =VLOOKUP($K71,Riclassificazioni!$A:$J,6) -> 0 | N71: =VLOOKUP($K71,Riclassificazioni!$A:$J,7) -> 0 | O71: =VLOOKUP($K71,Riclassificazioni!$A:$J,8) -> 0 | P71: =VLOOKUP($K71,Riclassificazioni!$A:$J,9) -> 0 | Q71: =VLOOKUP($K71,Riclassificazioni!$A:$J,10) -> 0 | R71: 500 | S71: =VLOOKUP($R71,Riclassificazioni!$A:$J,2) -> TOT_N_CURR_AS | T71: =VLOOKUP($R71,Riclassificazioni!$A:$J,6) -> 0 | U71: =VLOOKUP($R71,Riclassificazioni!$A:$J,7) -> 0 | V71: =VLOOKUP($R71,Riclassificazioni!$A:$J,8) -> 0 | W71: =VLOOKUP($R71,Riclassificazioni!$A:$J,9) -> 0 | X71: =VLOOKUP($R71,Riclassificazioni!$A:$J,10) -> 0
B72: Incidence of working assets | C72: INC_WORKASS | D72: WORK_ASSET/TOT_ASSET | E72: =M72/T72 -> #DIV/0! | F72: =N72/U72 -> #DIV/0! | G72: =O72/V72 -> #DIV/0! | H72: =P72/W72 -> #DIV/0! | I72: =Q72/X72 -> #DIV/0! | K72: 1480 | L72: =VLOOKUP($K72,Riclassificazioni!$A:$J,2) -> WORK_ASSET | M72: =VLOOKUP($K72,Riclassificazioni!$A:$J,6) -> 0 | N72: =VLOOKUP($K72,Riclassificazioni!$A:$J,7) -> 0 | O72: =VLOOKUP($K72,Riclassificazioni!$A:$J,8) -> 0 | P72: =VLOOKUP($K72,Riclassificazioni!$A:$J,9) -> 0 | Q72: =VLOOKUP($K72,Riclassificazioni!$A:$J,10) -> 0 | R72: 610 | S72: =VLOOKUP($R72,Riclassificazioni!$A:$J,2) -> TOT_ASSET | T72: =VLOOKUP($R72,Riclassificazioni!$A:$J,6) -> 0 | U72: =VLOOKUP($R72,Riclassificazioni!$A:$J,7) -> 0 | V72: =VLOOKUP($R72,Riclassificazioni!$A:$J,8) -> 0 | W72: =VLOOKUP($R72,Riclassificazioni!$A:$J,9) -> 0 | X72: =VLOOKUP($R72,Riclassificazioni!$A:$J,10) -> 0
B73: Incidence of derivative and securities assets | C73: INC_DEVSECASS | D73: CURR_FIN_AS/TOT_ASSET | E73: =M73/T73 -> #DIV/0! | F73: =N73/U73 -> #DIV/0! | G73: =O73/V73 -> #DIV/0! | H73: =P73/W73 -> #DIV/0! | I73: =Q73/X73 -> #DIV/0! | K73: 540 | L73: =VLOOKUP($K73,Riclassificazioni!$A:$J,2) -> CURR_FIN_AS | M73: =VLOOKUP($K73,Riclassificazioni!$A:$J,6) -> 0 | N73: =VLOOKUP($K73,Riclassificazioni!$A:$J,7) -> 0 | O73: =VLOOKUP($K73,Riclassificazioni!$A:$J,8) -> 0 | P73: =VLOOKUP($K73,Riclassificazioni!$A:$J,9) -> 0 | Q73: =VLOOKUP($K73,Riclassificazioni!$A:$J,10) -> 0 | R73: 610 | S73: =VLOOKUP($R73,Riclassificazioni!$A:$J,2) -> TOT_ASSET | T73: =VLOOKUP($R73,Riclassificazioni!$A:$J,6) -> 0 | U73: =VLOOKUP($R73,Riclassificazioni!$A:$J,7) -> 0 | V73: =VLOOKUP($R73,Riclassificazioni!$A:$J,8) -> 0 | W73: =VLOOKUP($R73,Riclassificazioni!$A:$J,9) -> 0 | X73: =VLOOKUP($R73,Riclassificazioni!$A:$J,10) -> 0
A74: Dividend Policy Ratios | B74: Dividends Per Share | C74: DPS | D74: TOT_DIV/N_SHARES | E74: =M74/T74 -> #DIV/0! | F74: =N74/U74 -> #DIV/0! | G74: =O74/V74 -> #DIV/0! | H74: =P74/W74 -> #DIV/0! | I74: =Q74/X74 -> #DIV/0! | K74: 240 | L74: =VLOOKUP($K74,Riclassificazioni!$A:$J,2) -> TOT_DIV | M74: =VLOOKUP($K74,Riclassificazioni!$A:$J,6) -> 0 | N74: =VLOOKUP($K74,Riclassificazioni!$A:$J,7) -> 0 | O74: =VLOOKUP($K74,Riclassificazioni!$A:$J,8) -> 0 | P74: =VLOOKUP($K74,Riclassificazioni!$A:$J,9) -> 0 | Q74: =VLOOKUP($K74,Riclassificazioni!$A:$J,10) -> 0 | R74: 190 | S74: =VLOOKUP($R74,Riclassificazioni!$A:$J,2) -> N_SHARES | T74: =VLOOKUP($R74,Riclassificazioni!$A:$J,6) -> 0 | U74: =VLOOKUP($R74,Riclassificazioni!$A:$J,7) -> 0 | V74: =VLOOKUP($R74,Riclassificazioni!$A:$J,8) -> 0 | W74: =VLOOKUP($R74,Riclassificazioni!$A:$J,9) -> 0 | X74: =VLOOKUP($R74,Riclassificazioni!$A:$J,10) -> 0
B75: Earning Per Share | C75: EPS | D75: NET_INC/N_SHARES | E75: =(M75/T75)*1000 -> #DIV/0! | F75: =(N75/U75)*1000 -> #DIV/0! | G75: =(O75/V75)*1000 -> #DIV/0! | H75: =(P75/W75)*1000 -> #DIV/0! | I75: =(Q75/X75)*1000 -> #DIV/0! | K75: 1270 | L75: =VLOOKUP($K75,Riclassificazioni!$A:$J,2) -> NET_INC | M75: =VLOOKUP($K75,Riclassificazioni!$A:$J,6) -> 0 | N75: =VLOOKUP($K75,Riclassificazioni!$A:$J,7) -> 0 | O75: =VLOOKUP($K75,Riclassificazioni!$A:$J,8) -> 0 | P75: =VLOOKUP($K75,Riclassificazioni!$A:$J,9) -> 0 | Q75: =VLOOKUP($K75,Riclassificazioni!$A:$J,10) -> 0 | R75: 190 | S75: =VLOOKUP($R75,Riclassificazioni!$A:$J,2) -> N_SHARES | T75: =VLOOKUP($R75,Riclassificazioni!$A:$J,6) -> 0 | U75: =VLOOKUP($R75,Riclassificazioni!$A:$J,7) -> 0 | V75: =VLOOKUP($R75,Riclassificazioni!$A:$J,8) -> 0 | W75: =VLOOKUP($R75,Riclassificazioni!$A:$J,9) -> 0 | X75: =VLOOKUP($R75,Riclassificazioni!$A:$J,10) -> 0
B76: Earning Per Share Continued | C76: EPS_CONT | D76: NET_INC_COP/N_SHERES | E76: =(M76/T76)*1000 -> #DIV/0! | F76: =(N76/U76)*1000 -> #DIV/0! | G76: =(O76/V76)*1000 -> #DIV/0! | H76: =(P76/W76)*1000 -> #DIV/0! | I76: =(Q76/X76)*1000 -> #DIV/0! | K76: 1250 | L76: =VLOOKUP($K76,Riclassificazioni!$A:$J,2) -> NET_INC_COP | M76: =VLOOKUP($K76,Riclassificazioni!$A:$J,6) -> 0 | N76: =VLOOKUP($K76,Riclassificazioni!$A:$J,7) -> 0 | O76: =VLOOKUP($K76,Riclassificazioni!$A:$J,8) -> 0 | P76: =VLOOKUP($K76,Riclassificazioni!$A:$J,9) -> 0 | Q76: =VLOOKUP($K76,Riclassificazioni!$A:$J,10) -> 0 | R76: 190 | S76: =VLOOKUP($R76,Riclassificazioni!$A:$J,2) -> N_SHARES | T76: =VLOOKUP($R76,Riclassificazioni!$A:$J,6) -> 0 | U76: =VLOOKUP($R76,Riclassificazioni!$A:$J,7) -> 0 | V76: =VLOOKUP($R76,Riclassificazioni!$A:$J,8) -> 0 | W76: =VLOOKUP($R76,Riclassificazioni!$A:$J,9) -> 0 | X76: =VLOOKUP($R76,Riclassificazioni!$A:$J,10) -> 0
B77: Cash Flow Per Share | C77: CFPS | D77: CASH_FLOW/N_SHARES | E77: =(M77/T77)*1000 -> #DIV/0! | F77: =(N77/U77)*1000 -> #DIV/0! | G77: =(O77/V77)*1000 -> #DIV/0! | H77: =(P77/W77)*1000 -> #DIV/0! | I77: =(Q77/X77)*1000 -> #DIV/0! | K77: 1640 | L77: =VLOOKUP($K77,Riclassificazioni!$A:$J,2) -> CASH_FLOW | M77: =VLOOKUP($K77,Riclassificazioni!$A:$J,6) -> 0 | N77: =VLOOKUP($K77,Riclassificazioni!$A:$J,7) -> 0 | O77: =VLOOKUP($K77,Riclassificazioni!$A:$J,8) -> 0 | P77: =VLOOKUP($K77,Riclassificazioni!$A:$J,9) -> 0 | Q77: =VLOOKUP($K77,Riclassificazioni!$A:$J,10) -> 0 | R77: 190 | S77: =VLOOKUP($R77,Riclassificazioni!$A:$J,2) -> N_SHARES | T77: =VLOOKUP($R77,Riclassificazioni!$A:$J,6) -> 0 | U77: =VLOOKUP($R77,Riclassificazioni!$A:$J,7) -> 0 | V77: =VLOOKUP($R77,Riclassificazioni!$A:$J,8) -> 0 | W77: =VLOOKUP($R77,Riclassificazioni!$A:$J,9) -> 0 | X77: =VLOOKUP($R77,Riclassificazioni!$A:$J,10) -> 0
B78: Price Earnings per Share | C78: PEPS | D78: SHARE_PRICE/EPS | E78: =M78/T78 -> #DIV/0! | F78: =N78/U78 -> #DIV/0! | G78: =O78/V78 -> #DIV/0! | H78: =P78/W78 -> #DIV/0! | I78: =Q78/X78 -> #DIV/0! | K78: 200 | L78: =VLOOKUP($K78,Riclassificazioni!$A:$J,2) -> SHARE_PRICE | M78: =VLOOKUP($K78,Riclassificazioni!$A:$J,6) -> 0 | N78: =VLOOKUP($K78,Riclassificazioni!$A:$J,7) -> 0 | O78: =VLOOKUP($K78,Riclassificazioni!$A:$J,8) -> 0 | P78: =VLOOKUP($K78,Riclassificazioni!$A:$J,9) -> 0 | Q78: =VLOOKUP($K78,Riclassificazioni!$A:$J,10) -> 0 | R78: 1460 | S78: =VLOOKUP($R78,Riclassificazioni!$A:$J,2) -> EPS | T78: =VLOOKUP($R78,Riclassificazioni!$A:$J,6)*1000 -> #DIV/0! | U78: =VLOOKUP($R78,Riclassificazioni!$A:$J,7)*1000 -> #DIV/0! | V78: =VLOOKUP($R78,Riclassificazioni!$A:$J,8)*1000 -> #DIV/0! | W78: =VLOOKUP($R78,Riclassificazioni!$A:$J,9)*1000 -> #DIV/0! | X78: =VLOOKUP($R78,Riclassificazioni!$A:$J,10)*1000 -> #DIV/0!
B79: Dividend Yield | C79: DIV_Y | D79: DPS/SHARE_PRICE | E79: =M79/T79 -> #DIV/0! | F79: =N79/U79 -> #DIV/0! | G79: =O79/V79 -> #DIV/0! | H79: =P79/W79 -> #DIV/0! | I79: =Q79/X79 -> #DIV/0! | K79: 220 | L79: =VLOOKUP($K79,Riclassificazioni!$A:$J,2) -> DIV_ORD_SH_DEL | M79: =VLOOKUP($K79,Riclassificazioni!$A:$J,6) -> 0 | N79: =VLOOKUP($K79,Riclassificazioni!$A:$J,7) -> 0 | O79: =VLOOKUP($K79,Riclassificazioni!$A:$J,8) -> 0 | P79: =VLOOKUP($K79,Riclassificazioni!$A:$J,9) -> 0 | Q79: =VLOOKUP($K79,Riclassificazioni!$A:$J,10) -> 0 | R79: 200 | S79: =VLOOKUP($R79,Riclassificazioni!$A:$J,2) -> SHARE_PRICE | T79: =VLOOKUP($R79,Riclassificazioni!$A:$J,6) -> 0 | U79: =VLOOKUP($R79,Riclassificazioni!$A:$J,7) -> 0 | V79: =VLOOKUP($R79,Riclassificazioni!$A:$J,8) -> 0 | W79: =VLOOKUP($R79,Riclassificazioni!$A:$J,9) -> 0 | X79: =VLOOKUP($R79,Riclassificazioni!$A:$J,10) -> 0
B80: Payout Ratio | C80: PAYO_RAT | D80: DPS/EPS | E80: =M80/T80 -> #DIV/0! | F80: =N80/U80 -> #DIV/0! | G80: =O80/V80 -> #DIV/0! | H80: =P80/W80 -> #DIV/0! | I80: =Q80/X80 -> #DIV/0! | K80: 220 | L80: =VLOOKUP($K80,Riclassificazioni!$A:$J,2) -> DIV_ORD_SH_DEL | M80: =VLOOKUP($K80,Riclassificazioni!$A:$J,6) -> 0 | N80: =VLOOKUP($K80,Riclassificazioni!$A:$J,7) -> 0 | O80: =VLOOKUP($K80,Riclassificazioni!$A:$J,8) -> 0 | P80: =VLOOKUP($K80,Riclassificazioni!$A:$J,9) -> 0 | Q80: =VLOOKUP($K80,Riclassificazioni!$A:$J,10) -> 0 | R80: 1460 | S80: =VLOOKUP($R80,Riclassificazioni!$A:$J,2) -> EPS | T80: =VLOOKUP($R80,Riclassificazioni!$A:$J,6)*1000 -> #DIV/0! | U80: =VLOOKUP($R80,Riclassificazioni!$A:$J,7)*1000 -> #DIV/0! | V80: =VLOOKUP($R80,Riclassificazioni!$A:$J,8)*1000 -> #DIV/0! | W80: =VLOOKUP($R80,Riclassificazioni!$A:$J,9)*1000 -> #DIV/0! | X80: =VLOOKUP($R80,Riclassificazioni!$A:$J,10)*1000 -> #DIV/0!
B81: End year Price to Book (PRICE/BOOK) | C81: PTBOOK | D81: SHARE_PRICE/BOOK | E81: =M81/T81 -> #DIV/0! | F81: =N81/U81 -> #DIV/0! | G81: =O81/V81 -> #DIV/0! | H81: =P81/W81 -> #DIV/0! | I81: =Q81/X81 -> #DIV/0! | K81: 200 | L81: =VLOOKUP($K81,Riclassificazioni!$A:$J,2) -> SHARE_PRICE | M81: =VLOOKUP($K81,Riclassificazioni!$A:$J,6) -> 0 | N81: =VLOOKUP($K81,Riclassificazioni!$A:$J,7) -> 0 | O81: =VLOOKUP($K81,Riclassificazioni!$A:$J,8) -> 0 | P81: =VLOOKUP($K81,Riclassificazioni!$A:$J,9) -> 0 | Q81: =VLOOKUP($K81,Riclassificazioni!$A:$J,10) -> 0 | R81: 1720 | S81: =VLOOKUP($R81,Riclassificazioni!$A:$J,2) -> BOOK | T81: =VLOOKUP($R81,Riclassificazioni!$A:$J,6) -> #DIV/0! | U81: =VLOOKUP($R81,Riclassificazioni!$A:$J,7) -> #DIV/0! | V81: =VLOOKUP($R81,Riclassificazioni!$A:$J,8) -> #DIV/0! | W81: =VLOOKUP($R81,Riclassificazioni!$A:$J,9) -> #DIV/0! | X81: =VLOOKUP($R81,Riclassificazioni!$A:$J,10) -> #DIV/0!
B82: EV sales | C82: EV_SALES | D82: EV//TOT_OP_REV | E82: =(M82/T82) -> #DIV/0! | F82: =(N82/U82) -> #DIV/0! | G82: =(O82/V82) -> #DIV/0! | H82: =(P82/W82) -> #DIV/0! | I82: =(Q82/X82) -> #DIV/0! | K82: 1710 | L82: =VLOOKUP($K82,Riclassificazioni!$A:$J,2) -> EV | M82: =VLOOKUP($K82,Riclassificazioni!$A:$J,6) -> 0 | N82: =VLOOKUP($K82,Riclassificazioni!$A:$J,7) -> 0 | O82: =VLOOKUP($K82,Riclassificazioni!$A:$J,8) -> 0 | P82: =VLOOKUP($K82,Riclassificazioni!$A:$J,9) -> 0 | Q82: =VLOOKUP($K82,Riclassificazioni!$A:$J,10) -> 0 | R82: 1030 | S82: =VLOOKUP($R82,Riclassificazioni!$A:$J,2) -> TOT_OP_REV | T82: =VLOOKUP($R82,Riclassificazioni!$A:$J,6)*1000 -> 0 | U82: =VLOOKUP($R82,Riclassificazioni!$A:$J,7)*1000 -> 0 | V82: =VLOOKUP($R82,Riclassificazioni!$A:$J,8)*1000 -> 0 | W82: =VLOOKUP($R82,Riclassificazioni!$A:$J,9)*1000 -> 0 | X82: =VLOOKUP($R82,Riclassificazioni!$A:$J,10)*1000 -> 0
B83: EV Ebit | C83: EV_EBIT | D83: EV/EBIT | E83: =(M83/T83) -> #DIV/0! | F83: =(N83/U83) -> #DIV/0! | G83: =(O83/V83) -> #DIV/0! | H83: =(P83/W83) -> #DIV/0! | I83: =(Q83/X83) -> #DIV/0! | K83: 1710 | L83: =VLOOKUP($K83,Riclassificazioni!$A:$J,2) -> EV | M83: =VLOOKUP($K83,Riclassificazioni!$A:$J,6) -> 0 | N83: =VLOOKUP($K83,Riclassificazioni!$A:$J,7) -> 0 | O83: =VLOOKUP($K83,Riclassificazioni!$A:$J,8) -> 0 | P83: =VLOOKUP($K83,Riclassificazioni!$A:$J,9) -> 0 | Q83: =VLOOKUP($K83,Riclassificazioni!$A:$J,10) -> 0 | R83: 1590 | S83: =VLOOKUP($R83,Riclassificazioni!$A:$J,2) -> EBIT | T83: =VLOOKUP($R83,Riclassificazioni!$A:$J,6)*1000 -> 0 | U83: =VLOOKUP($R83,Riclassificazioni!$A:$J,7)*1000 -> 0 | V83: =VLOOKUP($R83,Riclassificazioni!$A:$J,8)*1000 -> 0 | W83: =VLOOKUP($R83,Riclassificazioni!$A:$J,9)*1000 -> 0 | X83: =VLOOKUP($R83,Riclassificazioni!$A:$J,10)*1000 -> 0
B84: EV Ebitda | C84: EV_EBITDA | D84: EV/EBITDA | E84: =(M84/T84) -> #DIV/0! | F84: =(N84/U84) -> #DIV/0! | G84: =(O84/V84) -> #DIV/0! | H84: =(P84/W84) -> #DIV/0! | I84: =(Q84/X84) -> #DIV/0! | K84: 1710 | L84: =VLOOKUP($K84,Riclassificazioni!$A:$J,2) -> EV | M84: =VLOOKUP($K84,Riclassificazioni!$A:$J,6) -> 0 | N84: =VLOOKUP($K84,Riclassificazioni!$A:$J,7) -> 0 | O84: =VLOOKUP($K84,Riclassificazioni!$A:$J,8) -> 0 | P84: =VLOOKUP($K84,Riclassificazioni!$A:$J,9) -> 0 | Q84: =VLOOKUP($K84,Riclassificazioni!$A:$J,10) -> 0 | R84: 1090 | S84: =VLOOKUP($R84,Riclassificazioni!$A:$J,2) -> EBITDA | T84: =VLOOKUP($R84,Riclassificazioni!$A:$J,6)*1000 -> 0 | U84: =VLOOKUP($R84,Riclassificazioni!$A:$J,7)*1000 -> 0 | V84: =VLOOKUP($R84,Riclassificazioni!$A:$J,8)*1000 -> 0 | W84: =VLOOKUP($R84,Riclassificazioni!$A:$J,9)*1000 -> 0 | X84: =VLOOKUP($R84,Riclassificazioni!$A:$J,10)*1000 -> 0
B85: CONSOLIDATED OWNERSHIP REMUNERATION | C85: OWN_REM | D85: RET_EARNING/VALUE_ADDED | E85: =M85/T85 -> #DIV/0! | F85: =N85/U85 -> #DIV/0! | G85: =O85/V85 -> #DIV/0! | H85: =P85/W85 -> #DIV/0! | I85: =Q85/X85 -> #DIV/0! | K85: 1660 | L85: =VLOOKUP($K85,Riclassificazioni!$A:$J,2) -> RET_EARNING | M85: =VLOOKUP($K85,Riclassificazioni!$A:$J,6) -> 0 | N85: =VLOOKUP($K85,Riclassificazioni!$A:$J,7) -> 0 | O85: =VLOOKUP($K85,Riclassificazioni!$A:$J,8) -> 0 | P85: =VLOOKUP($K85,Riclassificazioni!$A:$J,9) -> 0 | Q85: =VLOOKUP($K85,Riclassificazioni!$A:$J,10) -> 0 | R85: 1670 | S85: =VLOOKUP($R85,Riclassificazioni!$A:$J,2) -> VALUE_ADDED | T85: =VLOOKUP($R85,Riclassificazioni!$A:$J,6) -> 0 | U85: =VLOOKUP($R85,Riclassificazioni!$A:$J,7) -> 0 | V85: =VLOOKUP($R85,Riclassificazioni!$A:$J,8) -> 0 | W85: =VLOOKUP($R85,Riclassificazioni!$A:$J,9) -> 0 | X85: =VLOOKUP($R85,Riclassificazioni!$A:$J,10) -> 0
B86: STAFF REMUNERATION | C86: STAFF_REM | D86: SALARIES/VALUE_ADDED | E86: =M86/T86 -> #DIV/0! | F86: =N86/U86 -> #DIV/0! | G86: =O86/V86 -> #DIV/0! | H86: =P86/W86 -> #DIV/0! | I86: =Q86/X86 -> #DIV/0! | K86: 1060 | L86: =VLOOKUP($K86,Riclassificazioni!$A:$J,2) -> SALARIES | M86: =VLOOKUP($K86,Riclassificazioni!$A:$J,6) -> 0 | N86: =VLOOKUP($K86,Riclassificazioni!$A:$J,7) -> 0 | O86: =VLOOKUP($K86,Riclassificazioni!$A:$J,8) -> 0 | P86: =VLOOKUP($K86,Riclassificazioni!$A:$J,9) -> 0 | Q86: =VLOOKUP($K86,Riclassificazioni!$A:$J,10) -> 0 | R86: 1670 | S86: =VLOOKUP($R86,Riclassificazioni!$A:$J,2) -> VALUE_ADDED | T86: =VLOOKUP($R86,Riclassificazioni!$A:$J,6) -> 0 | U86: =VLOOKUP($R86,Riclassificazioni!$A:$J,7) -> 0 | V86: =VLOOKUP($R86,Riclassificazioni!$A:$J,8) -> 0 | W86: =VLOOKUP($R86,Riclassificazioni!$A:$J,9) -> 0 | X86: =VLOOKUP($R86,Riclassificazioni!$A:$J,10) -> 0
B87: BANK AND FINANCIAL MARKET REMUNERATION | C87: FINMARK_REM | D87: FIN_MARK/VALUE_ADDED | E87: =M87/T87 -> #DIV/0! | F87: =N87/U87 -> #DIV/0! | G87: =O87/V87 -> #DIV/0! | H87: =P87/W87 -> #DIV/0! | I87: =Q87/X87 -> #DIV/0! | K87: 1690 | L87: =VLOOKUP($K87,Riclassificazioni!$A:$J,2) -> FIN_MARK | M87: =VLOOKUP($K87,Riclassificazioni!$A:$J,6) -> 0 | N87: =VLOOKUP($K87,Riclassificazioni!$A:$J,7) -> 0 | O87: =VLOOKUP($K87,Riclassificazioni!$A:$J,8) -> 0 | P87: =VLOOKUP($K87,Riclassificazioni!$A:$J,9) -> 0 | Q87: =VLOOKUP($K87,Riclassificazioni!$A:$J,10) -> 0 | R87: 1670 | S87: =VLOOKUP($R87,Riclassificazioni!$A:$J,2) -> VALUE_ADDED | T87: =VLOOKUP($R87,Riclassificazioni!$A:$J,6) -> 0 | U87: =VLOOKUP($R87,Riclassificazioni!$A:$J,7) -> 0 | V87: =VLOOKUP($R87,Riclassificazioni!$A:$J,8) -> 0 | W87: =VLOOKUP($R87,Riclassificazioni!$A:$J,9) -> 0 | X87: =VLOOKUP($R87,Riclassificazioni!$A:$J,10) -> 0
B88: COUNTRY REMUNERATION | C88: TAX_REM | D88: INC_TAX/VALUE_ADDED | E88: =M88/T88 -> #DIV/0! | F88: =N88/U88 -> #DIV/0! | G88: =O88/V88 -> #DIV/0! | H88: =P88/W88 -> #DIV/0! | I88: =Q88/X88 -> #DIV/0! | K88: 1240 | L88: =VLOOKUP($K88,Riclassificazioni!$A:$J,2) -> INC_TAX | M88: =VLOOKUP($K88,Riclassificazioni!$A:$J,6) -> 0 | N88: =VLOOKUP($K88,Riclassificazioni!$A:$J,7) -> 0 | O88: =VLOOKUP($K88,Riclassificazioni!$A:$J,8) -> 0 | P88: =VLOOKUP($K88,Riclassificazioni!$A:$J,9) -> 0 | Q88: =VLOOKUP($K88,Riclassificazioni!$A:$J,10) -> 0 | R88: 1670 | S88: =VLOOKUP($R88,Riclassificazioni!$A:$J,2) -> VALUE_ADDED | T88: =VLOOKUP($R88,Riclassificazioni!$A:$J,6) -> 0 | U88: =VLOOKUP($R88,Riclassificazioni!$A:$J,7) -> 0 | V88: =VLOOKUP($R88,Riclassificazioni!$A:$J,8) -> 0 | W88: =VLOOKUP($R88,Riclassificazioni!$A:$J,9) -> 0 | X88: =VLOOKUP($R88,Riclassificazioni!$A:$J,10) -> 0
B89: VALUE ADDED PER EMPLOYEE | C89: VAL_ADD_EMPLOYE | D89: VALUE_ADDED/N_EMPL | E89: =M89/T89 -> #DIV/0! | F89: =N89/U89 -> #DIV/0! | G89: =O89/V89 -> #DIV/0! | H89: =P89/W89 -> #DIV/0! | I89: =Q89/X89 -> #DIV/0! | K89: 1670 | L89: =VLOOKUP($K89,Riclassificazioni!$A:$J,2) -> VALUE_ADDED | M89: =VLOOKUP($K89,Riclassificazioni!$A:$J,6) -> 0 | N89: =VLOOKUP($K89,Riclassificazioni!$A:$J,7) -> 0 | O89: =VLOOKUP($K89,Riclassificazioni!$A:$J,8) -> 0 | P89: =VLOOKUP($K89,Riclassificazioni!$A:$J,9) -> 0 | Q89: =VLOOKUP($K89,Riclassificazioni!$A:$J,10) -> 0 | R89: 300 | S89: =VLOOKUP($R89,Riclassificazioni!$A:$J,2) -> N_EMPL | T89: =VLOOKUP($R89,Riclassificazioni!$A:$J,6) -> 0 | U89: =VLOOKUP($R89,Riclassificazioni!$A:$J,7) -> 0 | V89: =VLOOKUP($R89,Riclassificazioni!$A:$J,8) -> 0 | W89: =VLOOKUP($R89,Riclassificazioni!$A:$J,9) -> 0 | X89: =VLOOKUP($R89,Riclassificazioni!$A:$J,10) -> 0
B90: COSTS PER EMPLOYEE | C90: COST_EMPLOYE | D90: SALARIES/N_EMPL | E90: =M90/T90 -> #DIV/0! | F90: =N90/U90 -> #DIV/0! | G90: =O90/V90 -> #DIV/0! | H90: =P90/W90 -> #DIV/0! | I90: =Q90/X90 -> #DIV/0! | K90: 1060 | L90: =VLOOKUP($K90,Riclassificazioni!$A:$J,2) -> SALARIES | M90: =VLOOKUP($K90,Riclassificazioni!$A:$J,6) -> 0 | N90: =VLOOKUP($K90,Riclassificazioni!$A:$J,7) -> 0 | O90: =VLOOKUP($K90,Riclassificazioni!$A:$J,8) -> 0 | P90: =VLOOKUP($K90,Riclassificazioni!$A:$J,9) -> 0 | Q90: =VLOOKUP($K90,Riclassificazioni!$A:$J,10) -> 0 | R90: 300 | S90: =VLOOKUP($R90,Riclassificazioni!$A:$J,2) -> N_EMPL | T90: =VLOOKUP($R90,Riclassificazioni!$A:$J,6) -> 0 | U90: =VLOOKUP($R90,Riclassificazioni!$A:$J,7) -> 0 | V90: =VLOOKUP($R90,Riclassificazioni!$A:$J,8) -> 0 | W90: =VLOOKUP($R90,Riclassificazioni!$A:$J,9) -> 0 | X90: =VLOOKUP($R90,Riclassificazioni!$A:$J,10) -> 0
B91: OPERATING SALES PER EMPLOYEE | C91: OPSALES_EMPLOYE | D91: TOT_OP_REV/N_EMPL | E91: =M91/T91 -> #DIV/0! | F91: =N91/U91 -> #DIV/0! | G91: =O91/V91 -> #DIV/0! | H91: =P91/W91 -> #DIV/0! | I91: =Q91/X91 -> #DIV/0! | K91: 1030 | L91: =VLOOKUP($K91,Riclassificazioni!$A:$J,2) -> TOT_OP_REV | M91: =VLOOKUP($K91,Riclassificazioni!$A:$J,6) -> 0 | N91: =VLOOKUP($K91,Riclassificazioni!$A:$J,7) -> 0 | O91: =VLOOKUP($K91,Riclassificazioni!$A:$J,8) -> 0 | P91: =VLOOKUP($K91,Riclassificazioni!$A:$J,9) -> 0 | Q91: =VLOOKUP($K91,Riclassificazioni!$A:$J,10) -> 0 | R91: 300 | S91: =VLOOKUP($R91,Riclassificazioni!$A:$J,2) -> N_EMPL | T91: =VLOOKUP($R91,Riclassificazioni!$A:$J,6) -> 0 | U91: =VLOOKUP($R91,Riclassificazioni!$A:$J,7) -> 0 | V91: =VLOOKUP($R91,Riclassificazioni!$A:$J,8) -> 0 | W91: =VLOOKUP($R91,Riclassificazioni!$A:$J,9) -> 0 | X91: =VLOOKUP($R91,Riclassificazioni!$A:$J,10) -> 0
B92: VALUE ADDED ADJUSTED PER EMPLOYEE | C92: VAL_ADDADJ_EMPLOYE | D92: VALUE_ADJ/N_EMPL | E92: =M92/T92 -> #DIV/0! | F92: =N92/U92 -> #DIV/0! | G92: =O92/V92 -> #DIV/0! | H92: =P92/W92 -> #DIV/0! | I92: =Q92/X92 -> #DIV/0! | K92: 1680 | L92: =VLOOKUP($K92,Riclassificazioni!$A:$J,2) -> VALUE_ADJ | M92: =VLOOKUP($K92,Riclassificazioni!$A:$J,6) -> 0 | N92: =VLOOKUP($K92,Riclassificazioni!$A:$J,7) -> 0 | O92: =VLOOKUP($K92,Riclassificazioni!$A:$J,8) -> 0 | P92: =VLOOKUP($K92,Riclassificazioni!$A:$J,9) -> 0 | Q92: =VLOOKUP($K92,Riclassificazioni!$A:$J,10) -> 0 | R92: 300 | S92: =VLOOKUP($R92,Riclassificazioni!$A:$J,2) -> N_EMPL | T92: =VLOOKUP($R92,Riclassificazioni!$A:$J,6) -> 0 | U92: =VLOOKUP($R92,Riclassificazioni!$A:$J,7) -> 0 | V92: =VLOOKUP($R92,Riclassificazioni!$A:$J,8) -> 0 | W92: =VLOOKUP($R92,Riclassificazioni!$A:$J,9) -> 0 | X92: =VLOOKUP($R92,Riclassificazioni!$A:$J,10) -> 0
